Cogmind - Beta 10.2 @@@ ROGUE MODE // 2021.01.12 @ 15:52:48 Player: Wyvric Result: Establishing 0b11! Performance ------------- Evolutions (9) 4500 Regions Visited (32) 6400 Robots Destroyed (436) 2180 Value Destroyed (27707) 27707 Prototype IDs (99) 1980 Alien Tech Used (10) 2000 Bonus (34781) 34781 TOTAL SCORE: 79548 Bonus ------- High Alert Combat Kills 1065 Follower Combat Kills 2262 Entered Garrisons 1400 Used RIF Installer 3500 Network Hubs Disabled 400 Aligned with FarCom 300 A7 Reached Mainframe 300 Scanned by Researcher 500 Destroyed MAIN.C Guards 500 Met MAIN.C 5000 Hacked MAIN.C 300 Destroyed MAIN.C Shell 5000 Destroyed MAIN.C 10000 Met Architect 300 Destroyed A8 300 Destroyed A6 400 Destroyed A5 500 Win 3000 Friendly Fire -246 Cogmind --------- Core Integrity 29/1600 Matter 136/300 Energy 591/600 System Corruption 0% Temperature Cool (8) Movement Walking (135) Ox1 Location 0b11 Command Parts ------- > --- POWER (2) -------- Reinforced Quantum Reactor Reinforced Quantum Reactor > --- PROPULSION (4) --- High-density Centrium Leg Myomer Exoskeleton > --- UTILITY (15) ----- 2N-1CE's Frost Array High-capacity Storage Unit High-capacity Storage Unit High-capacity Storage Unit Experimental Targeting Computer Experimental Target Analyzer Advanced Armor Integrity Analyzer Experimental Weapon Cycler Centrium Medium Armor Plating Centrium Heavy Armor Plating Experimental Powered Armor Heavy Regenerative Plating > --- WEAPON (4) ------- Enhanced Quantum Rifle Enhanced Nova Cannon Ragnarok Missile Launcher > --- INVENTORY (28) --- Reinforced Quantum Reactor Reinforced Quantum Reactor Advanced Heavy Treads Biometal Heavy Treads Experimental Biometal Leg Desublimator Advanced Coolant Injector High-capacity Storage Unit Experimental Energy Well (1000) Experimental Energy Well (1000) Experimental Energy Well (1000) Experimental Matter Compressor (273) Experimental Matter Compressor (0) Long-range Terrain Scanner Thermal Barrier Experimental Force Field Antimissile System Enhanced Quantum Rifle Helical Railgun Helical Railgun Helical Railgun Helical Railgun Multirail Peak State ------------ > --- POWER ------------ Reinforced Quantum Reactor Reinforced Quantum Reactor > --- PROPULSION ------- High-density Centrium Leg Myomer Exoskeleton > --- UTILITY ---------- Experimental Cooling System 2N-1CE's Frost Array High-capacity Storage Unit High-capacity Storage Unit High-capacity Storage Unit High-capacity Storage Unit High-capacity Storage Unit High-capacity Storage Unit Experimental Targeting Computer Experimental Target Analyzer Advanced Armor Integrity Analyzer Advanced Weapon Cycler Heavy Regenerative Plating AEGIS Remote Shield > --- WEAPON ----------- Multirail Multirail Multirail Graviton Cannon > --- INVENTORY -------- Reinforced Quantum Reactor Reinforced Quantum Reactor Improved Quantum Reactor Advanced Heavy Siege Treads Advanced Heavy Siege Treads Centrium Leg High-density Centrium Leg Experimental Energy Well Experimental Energy Well Experimental Energy Well Experimental Matter Compressor Experimental Matter Compressor Experimental Optical Array Precision Matter Filter Advanced Kinecellerator Layered Heavy Armor Plating Centrium Medium Armor Plating Centrium Medium Armor Plating Centrium Medium Armor Plating Centrium Medium Armor Plating Centrium Medium Armor Plating Centrium Heavy Armor Plating Heavy Regenerative Plating Advanced Focal Shield Thermal Barrier Experimental Force Field Experimental Force Field Antimissile System Transdimensional Reconstructor Transdimensional Reconstructor Transdimensional Reconstructor Enhanced Nova Cannon Enhanced Nova Cannon Enhanced Nova Cannon Railgun Railgun Helical Railgun Helical Railgun Compact Linear Accelerator Omega Cannon Fusion Bomb Launcher Ragnarok Missile Launcher Advanced Remote Datajack Core Stripper [Rating: 243] Favorites ----------- Power Reinforced Antimatter Reactor Engine Improved Deuterium Engine Power Core Light Nuclear Core Reactor Reinforced Antimatter Reactor Propulsion Light Treads Treads Light Treads Leg Flexi-carbon Leg Wheel Armored Wheel Utility High-capacity Storage Unit Device Advanced Sensor Array Storage High-capacity Storage Unit Processor Advanced Signal Interpreter Hackware Relay Coupler [NC] Protection Heavy Regenerative Plating Artifact Phase Redirector Weapon Enhanced Nova Cannon Energy Gun Heavy EM Shotgun Energy Cannon Enhanced Nova Cannon Ballistic Gun KE Penetrator Ballistic Cannon Advanced Assault Cannon Launcher Mini Grenade Launcher Special Weapon Advanced Remote Datajack Impact Weapon Thunder Hammer Slashing Weapon Scythe Piercing Weapon Enhanced Force Lance Special Melee Weapon Datajack Build | -11 -10 -10 -9 -9 -9 -8 -8 -8 -8 -8 -7 -7 -6 -6 -5 -5 -5 -5 -5 -4 -4 -4 -4 -3 -3 -3 -2 -2 -2 -1 -1 -1 ------- Run | Scr Mat Min Mat Min Exi Min Mat Gar Mat Gar Fac Gar Fac Gar Fac Ext Cet Arc Hub Fac Gar Fac Gar Res Qua Sec Res Tes Gar Acc Com Ac0 Slots Evolved 18 | . . . 2 . . . 2 . . . 2 . 2 . 2 . . . . 2 . . . 2 . . 2 . . 2 . . Power 1 | . . . . . . . . . . . . . . . . . . . . . . . . . . . 1 . . . . . Propulsion 2 | . . . . . . . . . . . . . . . 2 . . . . . . . . . . . . . . . . . Utility 13 | . . . 2 . . . 2 . . . 2 . 2 . . . . . . 2 . . . 2 . . 1 . . . . . Weapon 2 | . . . . . . . . . . . . . . . . . . . . . . . . . . . . . . 2 . . Parts Attached 1239 | 6 6 3 27 13 2 4 8 16 30 14 7 47 69 32 48 61 12 9 13 19 28 17 39 86 52 137 44 67 25 66 161 71 Power 46 | 1 . 1 3 1 . 2 1 2 1 . . 3 1 5 2 2 1 1 . 1 . 1 1 1 1 . 3 . 1 . 10 . Engine 17 | 1 . 1 3 . . 1 1 1 1 . . 3 1 3 1 . . . . . . . . . . . . . . . . . Core 8 | . . . . 1 . 1 . 1 . . . . . 1 1 2 1 . . . . . . . . . . . . . . . Reactor 21 | . . . . . . . . . . . . . . 1 . . . 1 . 1 . 1 1 1 1 . 3 . 1 . 10 . Propulsion 124 | 2 1 . 5 4 . . . 2 6 2 . 5 7 3 12 7 1 4 . . 6 4 10 4 5 7 3 3 . 5 12 4 Treads 73 | . . . 3 2 . . . 2 4 2 . 5 6 3 1 7 1 4 . . 2 . 2 4 5 3 2 3 . 4 8 . Leg 26 | 2 1 . . . . . . . . . . . 1 . 5 . . . . . 4 . 4 . . . . . . 1 4 4 Wheel 25 | . . . 2 2 . . . . 2 . . . . . 6 . . . . . . 4 4 . . 4 1 . . . . . Hover . | . . . . . . . . . . . . . . . . . . . . . . . . . . . . . . . . . Flight . | . . . . . . . . . . . . . . . . . . . . . . . . . . . . . . . . . Utility 653 | 1 2 . 6 . 2 . 4 8 . 3 6 24 33 12 25 30 . 2 6 14 14 7 13 54 33 97 28 42 21 49 75 42 Device 416 | . . . . . . . 2 1 . . 1 4 21 9 17 23 . 1 4 7 5 4 4 31 23 81 22 33 18 36 45 24 Storage 44 | 1 2 . 5 . 2 . 1 3 . 1 2 2 1 1 5 . . . . 1 2 1 3 4 1 . 2 2 . . 1 1 Processor 28 | . . . . . . . . . . . . . 2 . 1 3 . . . 1 1 . 1 . . 5 2 1 . . 10 1 Hackware 38 | . . . . . . . . . . 1 . 1 1 . 2 1 . . . . 4 2 3 8 3 1 1 2 . 4 4 . Protection 118 | . . . 1 . . . 1 4 . 1 3 17 8 2 . 3 . 1 2 5 2 . 2 11 6 3 . 4 3 8 15 16 Artifact 9 | . . . . . . . . . . . . . . . . . . . . . . . . . . 7 1 . . 1 . . Weapon 416 | 2 3 2 13 8 . 2 3 4 23 9 1 15 28 12 9 22 10 2 7 4 8 5 15 27 13 33 10 22 3 12 64 25 Energy Gun 83 | 1 1 1 7 4 . . 1 2 11 . . . 11 8 2 3 2 . 4 . 3 . 2 2 . 1 4 . . . 10 3 Energy Cannon 79 | . . . 2 . . . . . . . . . . . . 1 . . . . . . 1 4 2 12 5 10 3 2 31 6 Ballistic Gun 90 | 1 2 1 1 . . . . . 2 2 . 10 9 1 1 10 6 2 2 2 . 3 7 4 . 1 . . . . 10 13 Ballistic Cannon 21 | . . . . . . . . . . . . . 1 1 . . . . . . 2 . . 4 1 2 . 1 . 5 4 . Launcher 35 | . . . 3 4 . 2 1 2 3 3 1 3 . 2 . . . . . 1 . . 1 1 . . . . . 2 3 3 Special Weapon 50 | . . . . . . . . . . . . . . . 2 5 . . . 1 3 . 3 8 3 10 1 8 . 2 4 . Impact Weapon 11 | . . . . . . . . . . . . . . . . . 1 . . . . . . 2 6 . . . . . 2 . Slashing Weapon 32 | . . . . . . . 1 . 7 2 . 1 7 . 4 3 1 . 1 . . 2 1 2 . . . . . . . . Piercing Weapon 12 | . . . . . . . . . . . . . . . . . . . . . . . . . 1 7 . 3 . 1 . . Special Melee Weapon 3 | . . . . . . . . . . 2 . 1 . . . . . . . . . . . . . . . . . . . . Unidentified Prototypes 57 | . . . 2 . . . 1 . 2 . . . 1 . 1 . 3 . 1 . . . . 1 10 10 1 4 . 2 10 8 Parts Lost 106 | . . 1 2 1 . . 1 . 6 1 . 25 2 13 3 1 . . . 1 2 . 1 7 . 5 2 . 3 4 10 15 Power 13 | . . . 1 . . . . . 1 . . 3 . 4 1 . . . . . . . . . . . 1 . . . 2 . Propulsion 17 | . . . . . . . . . 1 . . 5 . 2 1 . . . . . 2 . . 2 . 1 . . . . 1 2 Utility 34 | . . . . . . . 1 . . . . 8 1 2 1 1 . . . . . . 1 2 . 3 1 . 2 3 4 4 Weapon 40 | . . 1 1 1 . . . . 4 1 . 7 1 5 . . . . . 1 . . . 3 . 1 . . 1 1 3 9 Highest Loss Streak 9 | . . 1 1 1 . . 1 . 2 1 . 9 1 3 2 1 . . . 1 2 . 1 4 . 3 1 . 1 2 4 3 Average Slot Usage (%) 89 | . 94 100 99 99 86 77 78 80 80 73 73 94 99 91 99 97 95 94 94 91 95 100 95 91 88 87 87 86 86 82 84 85 Engine 2 | . 14 14 10 4 . . . 6 9 9 7 7 6 3 2 . . . . . . . . . . . . . . . . . Reactor 3 | . . . . . . . . . . . . . . . . . . 2 5 4 5 5 5 4 4 4 4 8 8 8 7 8 Treads 8 | . . . 19 13 . . . 10 5 18 15 14 12 12 . 13 18 17 17 15 4 . 2 5 9 7 4 8 8 8 7 3 Leg 2 | . 28 28 . . . . . . . . . . . . 13 . . . . . 11 9 9 . . . . . . . . 4 Wheel 3 | . . . 1 8 22 22 18 7 12 . . . . . 9 6 . . . . . 11 5 5 . 2 7 . . . . . Device 6 | . . . . . . . 3 . . . 5 . 12 13 14 5 5 2 9 10 2 5 1 6 9 9 10 12 13 10 8 14 Storage 26 | . 22 28 41 44 31 22 26 25 36 27 23 24 23 28 29 29 29 29 29 26 23 31 22 29 28 28 26 26 26 24 23 15 Processor 9 | . . . . . . . . . . . . . 5 6 8 8 17 17 11 10 14 15 16 9 9 13 19 17 13 10 11 15 Hackware 5 | . . . . . . . . . . . . . 2 6 5 11 5 5 5 3 11 10 11 15 15 10 4 4 6 7 2 . Protection 5 | . . . 2 . . . 3 10 . . 6 32 19 3 . 1 . 2 . 9 9 . 6 . 1 . . . 1 1 7 9 Energy Gun 3 | . . 8 15 14 . . . 13 13 . . . 5 8 1 . . . 5 . 7 . 1 . 2 . 1 . . . 3 1 Energy Cannon 3 | . . . 3 . . . . . . . . . . . . . . . . . . . 2 1 . 2 2 1 7 5 10 4 Ballistic Gun 3 | . 27 19 2 . . . . . . . . 13 4 2 2 7 9 11 1 7 1 6 4 3 . . . . . . 1 9 Launcher 1 | . . . . 7 22 22 14 3 . 12 15 1 . . . . . . . . . . . . . . . . . . . . Naked Turns . | . . . . . . . . . . . . . . . . . . . . . . . . . . . . . . . . . Heaviest Build 365 | 13 41 41 79 79 167 170 187 220 207 251 214 264 151 163 167 167 161 181 182 235 235 227 260 270 246 258 278 299 277 365 364 306 Greatest Support 175 | 20 20 20 40 40 24 24 24 40 40 40 40 42 50 50 70 109 129 136 136 136 85 85 95 140 150 160 175 175 145 150 160 140 Greatest Overweight (x) 16 | . 2 2 3 3 6 7 7 8 8 6 5 6 6 3 16 7 1 1 1 4 5 6 9 8 1 7 8 1 1 4 3 2 Average Overweight (x) 2 | . 1 1 1 1 4 6 6 5 7 5 4 2 2 2 2 2 1 1 1 2 2 3 2 4 1 2 5 1 1 1 1 1 Largest Inventory Capacity 76 | 6 16 16 30 28 44 44 50 58 56 64 76 66 34 42 44 42 42 42 42 50 50 52 60 60 52 52 52 60 52 52 52 44 Average Capacity 45 | 5 12 16 26 28 36 44 49 48 56 61 50 29 31 36 42 42 42 42 42 42 38 51 38 54 52 52 52 53 52 52 51 34 Most Carried 61 | 6 16 16 28 28 44 44 50 56 56 61 53 49 34 42 42 42 42 42 42 45 50 52 60 59 52 52 52 60 52 52 52 44 Average Carried 43 | 4 9 15 25 27 33 43 48 48 55 46 49 28 29 34 41 41 41 41 41 41 37 50 37 53 51 50 51 52 51 50 51 32 Final Capacity 64 | 6 16 16 28 28 44 44 50 56 56 64 50 26 34 42 42 42 42 42 42 50 50 52 60 52 52 52 52 52 52 52 44 28 Final Carried 60 | 6 16 16 28 28 44 44 50 56 56 54 49 26 34 42 42 42 42 42 42 45 50 52 60 52 52 52 52 52 52 45 43 25 Class Distribution -------------------- 37% | Hauler-Mutant 18% | Botlord-Mutant 12% | Bothacker-Mutant 11% | Hauler-Gunner 5% | Hauler-Assassin Dominant Class ---------------- Mutant | -10/Materials Mutant | -10/Mines Hauler-Mutant | -9/Materials Hauler-Mutant | -9/Mines Hauler-Mutant | -9/Exiles Hauler-Mutant | -8/Mines Hauler-Mutant | -8/Materials Hauler-Mutant | -8/Garrison Hauler-Mutant | -8/Materials Hauler-Mutant | -8/Garrison Hauler-Mutant | -7/Factory Hauler-Mutant | -7/Garrison Hauler-Mutant | -6/Factory Hauler-Mutant | -6/Garrison Botlord-Mutant | -5/Factory Bothacker-Mutant | -5/Extension Bothacker-Mutant | -5/Cetus Hauler-Mutant | -5/Archives Hauler-Mutant | -5/Hub_04(d) Hauler-Mutant | -4/Factory Bothacker-Mutant | -4/Garrison Botlord-Mutant | -4/Factory Botlord-Mutant | -4/Garrison Botlord-Mutant | -3/Research Botlord-Mutant | -3/Quarantine Bothacker-Mutant | -3/Section 7 Hauler-Assassin | -2/Research Hauler-Assassin | -2/Testing Botlord-Mutant | -2/Garrison Botlord-Mutant | -1/Access Hauler-Gunner | -1/Command Scavenger-Gunner | -1/Access_0 Resources | -11 -10 -10 -9 -9 -9 -8 -8 -8 -8 -8 -7 -7 -6 -6 -5 -5 -5 -5 -5 -4 -4 -4 -4 -3 -3 -3 -2 -2 -2 -1 -1 -1 ----------- Run | Scr Mat Min Mat Min Exi Min Mat Gar Mat Gar Fac Gar Fac Gar Fac Ext Cet Arc Hub Fac Gar Fac Gar Res Qua Sec Res Tes Gar Acc Com Ac0 Matter Collected 24066 | 173 201 144 320 108 150 147 82 274 295 226 . 959 1167 705 452 1103 232 372 62 309 831 103 822 1769 848 2239 772 842 492 1721 4297 1849 Remotely 910 | . . . . . . . 82 144 . . . 335 256 93 . . . . . . . . . . . . . . . . . . Salvage Created 25185 | . 299 100 757 285 . 370 77 387 963 164 . 933 1013 1136 494 579 144 545 489 273 284 106 240 959 754 2236 1399 839 1618 1816 4884 1042 Parts 1163 | . 26 7 60 12 . 19 2 17 59 15 . 45 48 40 32 33 7 30 17 11 4 8 14 45 26 104 64 43 50 65 197 63 Haulers Intercepted 2 | . . . 1 . . . . . . . . . . . . . . . 1 . . . . . . . . . . . . . Recyclers Shooed 3 | . . . . . . . . . . . . . 3 . . . . . . . . . . . . . . . . . . . Parts Field Recycled . | . . . . . . . . . . . . . . . . . . . . . . . . . . . . . . . . . Retrieved Matter . | . . . . . . . . . . . . . . . . . . . . . . . . . . . . . . . . . Parts Self-Destructed . | . . . . . . . . . . . . . . . . . . . . . . . . . . . . . . . . . Prevented . | . . . . . . . . . . . . . . . . . . . . . . . . . . . . . . . . . Kills | -11 -10 -10 -9 -9 -9 -8 -8 -8 -8 -8 -7 -7 -6 -6 -5 -5 -5 -5 -5 -4 -4 -4 -4 -3 -3 -3 -2 -2 -2 -1 -1 -1 ------- Run | Scr Mat Min Mat Min Exi Min Mat Gar Mat Gar Fac Gar Fac Gar Fac Ext Cet Arc Hub Fac Gar Fac Gar Res Qua Sec Res Tes Gar Acc Com Ac0 Combat Hostiles Destroyed 400 | . 9 4 22 27 . 10 3 7 13 10 . 17 9 21 4 8 3 4 2 6 4 2 8 18 6 34 18 11 17 29 60 14 Melee 7 | . . . . . . . . . 1 3 . . 1 . 2 . . . . . . . . . . . . . . . . . Guns 126 | . 9 4 10 2 . . . 3 7 1 . 12 6 12 2 8 3 4 1 3 3 2 1 8 3 . 1 . . . 11 10 Cannons 102 | . . . . . . . . . . . . . 1 . . . . . . . 1 . 1 5 2 26 8 7 7 11 32 1 AOE 94 | . . . 11 25 . 8 3 3 4 6 . 3 . 5 . . . . . 3 . . 5 2 . . . . . 6 7 3 Classes Destroyed 24 | . 3 . 3 2 . . 1 . 2 . . . 2 . 1 1 . 1 . . . . . . 2 2 . 1 . . 3 . Worker 22 | . . . 2 . . . . . 3 . . . 4 . 2 . . . 4 . . . . . 2 1 . . . . 4 . Builder 8 | . . . . . . . . . 1 . . . . . 2 . . . 2 1 . . . . . 2 . . . . . . Tunneler 4 | . . . . . . . . . . . . . . . 3 . . . . . . . . . . . . . . 1 . . Hauler 2 | . . . 1 . . . . . . . . . . . . . . . 1 . . . . . . . . . . . . . Recycler 6 | . . . . . . . . . . . . . 3 . 1 . . . 1 . . . . . . . . . . . 1 . Operator 5 | . . . . . . . . . . . . . . . . . . 5 . . . . . . . . . . . . . . Watcher 8 | . 1 . 2 . . . . . 4 . . . . . . . . . . . . . . . . . . . . . 1 . Swarmer 79 | . 3 3 11 3 . 4 . . . 8 . 4 . 4 . . 1 . . . . . 6 10 . 4 3 . . 5 10 . Saboteur 1 | . . . . . . . . . . . . . . . . . . . . . . . . . . . . . . . 1 . Grunt 88 | . 6 1 7 3 . 5 2 5 5 . . 6 1 15 . 1 1 . . 4 2 . 1 1 2 2 3 . 5 3 7 . Brawler 4 | . . . . . . . 1 . . . . . . . . . . . . . . . . 1 . . 1 . 1 . . . Duelist 7 | . . . . 1 . 1 . . . . . . . 1 . . . . . . 1 . . . . . . . . 2 1 . Researcher 1 | . . . . . . . . . . . . . . . . . . . . . . . . . 1 . . . . . . . Sentry 54 | . . . 4 . . . . 2 6 1 . 7 3 1 . 4 . 4 . . . . . . . 9 4 . . 4 5 . Specialist 1 | . . . . . . . . . . . . . . . . . . . . . . . . . . . . . . . 1 . Hunter 42 | . . . . . . . . . 2 1 . . . . . . . . 2 . . . 1 3 1 6 2 3 10 9 2 . Programmer 59 | . . . . . . . . . . . . . 5 . 4 2 . . . 2 . 2 . 2 2 8 5 6 . 5 16 . Q-Series 1 | . . . . . . . . . . . . . . . . . . . . . . . . . . 1 . . . . . . Behemoth 8 | . . . . . . . . . . . . . . . . 1 . . . . 1 . . 1 . . . . 1 1 3 . Cetus Guard 1 | . . . . . . . . . . . . . . . . . 1 . . . . . . . . . . . . . . . S7 Guard 2 | . . . . . . . . . . . . . . . . . . . . . . . . . . 2 . . . . . . M Guard 2 | . . . . . . . . . . . . . . . . . . . . . . . . . . . . . . . 2 . Enhanced Grunt 5 | . . . . . . . . . . . . . . . . . . . . . . . . . . . . . . . . 5 Enhanced Sentry 1 | . . . . . . . . . . . . . . . . . . . . . . . . . . . . . . . . 1 Enhanced Hunter 5 | . . . . . . . . . . . . . . . . . . . . . . . . . . . . . . . . 5 Combat Programmer 2 | . . . . . . . . . . . . . . . . . . . . . . . . . . . . . . . 2 . Striker 4 | . . . . . . . . . . . . . . . . . . . . . . . . . . . . 2 . . 2 . Executioner 6 | . . . . . . . . . . . . . . . . . . . . . . . . . . 2 . . . . 4 . Alpha 7 2 | . . . . . . . . . . . . . . . . . . . . . . . . . . . . . . . 2 . Fortress 1 | . . . . . . . . . . . . . . . . . . . . . . . . . 1 . . . . . . . Assembled 20 | . . . . 20 . . . . . . . . . . . . . . . . . . . . . . . . . . . . Best Kill Streak 20 | . 3 3 11 20 . 4 3 3 7 4 . 3 5 6 2 2 2 1 8 4 2 2 5 3 4 8 4 3 4 8 7 4 Combat Bots Only 20 | . 3 3 8 20 . 4 3 3 5 4 . 3 2 6 2 2 2 1 2 4 2 2 5 3 2 5 4 3 4 8 7 4 Max Kills in Single Turn 9 | . 1 2 4 9 . 4 2 1 5 3 . 1 2 3 1 1 1 1 4 2 1 1 2 2 2 3 2 1 1 2 3 2 Gunslinging 1 | . . 1 . . . . . . . . . . . . . . . . . . . . . 1 . . . . . . 1 . Exploded 9 | . . . 3 9 . 4 2 1 3 3 . 1 . 3 . . . . . 2 . . 2 2 . . . . . 2 3 2 Melee 1 | . . . . . . . . . 1 1 . . 1 . 1 . . . . . . . . . . . . . . . . . Uniques/NPCs Destroyed 5 | . . . . . . . . . . . . . . . . . . . . . . . . . . . . . . . 2 3 MAIN.C Shell (-1/Command) MAIN.C (-1/Command) A8 (-1/Access_0) A6 (-1/Access_0) A5 (-1/Access_0) Combat | -11 -10 -10 -9 -9 -9 -8 -8 -8 -8 -8 -7 -7 -6 -6 -5 -5 -5 -5 -5 -4 -4 -4 -4 -3 -3 -3 -2 -2 -2 -1 -1 -1 -------- Run | Scr Mat Min Mat Min Exi Min Mat Gar Mat Gar Fac Gar Fac Gar Fac Ext Cet Arc Hub Fac Gar Fac Gar Res Qua Sec Res Tes Gar Acc Com Ac0 Damage Taken 49101 | . 373 202 998 279 . 359 149 227 978 390 . 3998 1228 1807 678 1216 176 192 853 807 786 121 1564 3942 813 4241 938 1171 1129 3920 8034 7532 Core 4290 | . 76 70 90 54 . 108 7 29 37 68 . 348 153 126 107 155 30 . . 99 99 15 169 313 22 476 71 122 67 303 443 633 Absorbed by Shields 14126 | . . . . . . . . . . . . . . . . 16 29 . . . 151 . . 178 . 728 438 949 513 . 6650 4474 Reduced by Siege Mode 2170 | . . . . . . . . . . . . . . . . . . . 76 17 . . 21 238 . 612 65 77 141 230 417 276 Redirected to Core 215 | . . . . . . . . . . . . . . . . . . . . . . . . . . 215 . . . . . . Core Remaining (%) 56 | 100 . 41 . . . 37 . . . 74 . 50 . 67 . . . . 70 . . . 66 . . 37 . . 82 . . 1 Volleys Fired 1504 | . 26 7 58 15 . 15 3 18 35 12 . 78 43 53 26 65 10 30 11 15 29 5 38 93 28 178 79 50 81 120 160 123 Largest 4 | . 2 2 2 2 . 2 2 2 2 2 . 2 2 2 2 2 2 2 2 2 2 2 2 2 1 1 1 1 1 2 4 4 Hottest 480 | . 60 60 101 90 . 60 60 85 95 83 . 53 155 105 294 225 225 70 225 70 188 66 88 105 94 120 113 120 120 140 480 480 Shots Fired 2565 | . 52 14 108 21 . 16 6 28 59 22 . 128 79 97 32 91 19 60 21 24 47 10 52 110 28 177 79 50 81 136 448 470 Gun 1344 | . 52 14 91 8 . . . 20 52 12 . 101 74 80 27 55 19 60 21 18 25 10 28 34 17 . 18 . . . 128 380 Cannon 934 | . . . 9 . . . . . . . . . 5 9 . . . . . . 13 . 10 53 5 160 59 33 81 111 304 82 Launcher 131 | . . . 8 13 . 16 6 8 7 10 . 27 . 8 . . . . . 5 . . 3 . . . . . . 4 8 8 Special 156 | . . . . . . . . . . . . . . . 5 36 . . . 1 9 . 11 23 6 17 2 17 . 21 8 . Kinetic 1057 | . 50 13 32 . . . . . . 10 . 101 31 19 15 52 18 60 6 18 27 10 28 42 . 17 . . . 54 103 351 Thermal 622 | . . . . . . . . . . . . . 13 . 12 3 1 . 15 . 11 . . 11 17 120 30 15 27 7 229 111 Explosive 66 | . . . 5 9 . 2 6 . . 8 . . . 8 . . . . . 5 . . 3 . . . . . . 4 8 8 Electromagnetic 664 | . 2 1 71 12 . 14 . 28 59 4 . 27 35 70 . . . . . . . . 10 34 5 23 47 18 54 50 100 . Robot Hit Streak 71 | . 15 6 10 16 . 9 10 12 27 3 . 20 12 35 9 47 5 26 14 15 10 7 16 19 12 57 17 22 30 24 71 52 Robot Miss Streak 7 | . 2 2 5 1 . 2 1 2 3 2 . 4 7 3 5 2 3 2 . 2 2 2 3 5 3 2 3 2 3 3 3 6 Penetration Max 1 | . . . . . . . . . . . . . . . . 1 1 1 . 1 . . . . . . . . . . . . Secondary Targets 21 | . . 1 1 . . . . . 1 . . 4 . . 1 1 2 . . . . . . 2 . . . . . . 5 3 Max Gunslinging Chain 1 | . . 1 1 . . . . . 1 . . 1 . . 1 1 1 . . . . . . 1 . . . . . . 1 1 Capacitor 407 | . . . . . . . . . . . . . . . . . . . . . . . . 29 17 113 77 33 81 57 . . Shots Hit Robots 2000 | . 38 10 66 8 . 9 3 18 49 19 . 99 76 81 42 79 12 45 13 14 35 7 34 84 26 160 59 41 61 95 355 362 Core Hits 1140 | . 17 7 37 49 . 19 7 13 41 10 . 47 66 61 29 26 4 21 18 23 10 3 15 29 14 78 23 15 28 44 155 231 Critical Hits 151 | . 1 . 1 . . . . . . . . 1 1 1 1 6 1 2 . 1 7 2 4 4 4 5 4 . 1 3 37 64 Critical Kills 27 | . . . 1 . . . . . . . . 1 1 1 . 3 . 2 . 1 . 1 1 . 2 2 . . . 1 7 3 Critical Parts Destroyed 66 | . 1 . . . . . . . . . . . . . 1 1 1 . . . 6 1 . 2 1 2 3 . . 1 15 31 Melee Attacks 349 | . . . . . . . 9 . 31 19 . 7 27 . 39 5 4 . 10 . . 6 1 10 44 43 20 46 . 18 10 . Kinetic 12 | . . . . . . . . . . . . . . . . . . . . . . . . . 2 . . . . . 10 . Impact 55 | . . . . . . . . . . . . . . . . . . . . . . . . 6 42 7 . . . . . . Slashing 159 | . . . . . . . 9 . 31 16 . 7 27 . 39 5 4 . 10 . . 6 1 4 . . . . . . . . Piercing 120 | . . . . . . . . . . . . . . . . . . . . . . . . . . 36 20 46 . 18 . . Sneak Attacks 4 | . . . . . . . . . . 1 . . 1 . 2 . . . . . . . . . . . . . . . . . Combat Hostiles 1 | . . . . . . . . . . 1 . . . . . . . . . . . . . . . . . . . . . . Follow-up Attacks . | . . . . . . . . . . . . . . . . . . . . . . . . . . . . . . . . . Damage Inflicted 75530 | . 456 150 1533 1546 . 952 488 460 1342 897 . 2054 2069 2505 1300 1286 368 1136 1039 1052 688 196 1043 2075 795 6277 2666 1284 2775 6813 18206 12079 Guns 25342 | . 456 150 696 89 . . . 188 682 70 . 1324 1535 1401 593 1241 368 1136 369 526 532 196 397 470 347 . 419 . . . 3832 8325 Cannons 33758 | . . . 113 . . . . . . . . . 175 184 . . . . . . 156 . 275 1459 181 6244 2034 1284 2775 5685 11193 2000 Explosions 14376 | . . . 724 1457 . 952 488 272 519 556 . 552 114 920 . . . . 670 526 . . 371 146 242 . 177 . . 1090 2846 1754 Melee 1901 | . . . . . . . . . 120 271 . 178 245 . 707 45 . . . . . . . . 25 . 36 . . . 274 . Ramming 153 | . . . . . . . . . 21 . . . . . . . . . . . . . . . . 33 . . . 38 61 . Kinetic 26110 | . 444 135 105 . . . . . . 50 . 1324 793 287 322 1241 368 1136 . 526 488 196 397 698 25 1209 . . . 3753 4925 7688 Thermal 22504 | . . . 131 53 . 80 . 96 142 . . 10 410 582 271 . . . 369 . 200 . . 626 589 4439 1372 770 780 515 8432 2637 Explosive 9585 | . . . 466 1309 . 353 488 . . 526 . . . 338 . . . . . 526 . . 371 . . . . . . 863 2591 1754 Electromagnetic 15576 | . 12 15 831 184 . 519 . 364 1059 50 . 542 621 1298 . . . . 670 . . . 275 751 181 596 1258 514 1995 1644 2197 . Impact . | . . . . . . . . . . . . . . . . . . . . . . . . . . . . . . . . . Slashing 1566 | . . . . . . . . . 120 271 . 178 245 . 707 45 . . . . . . . . . . . . . . . . Piercing 36 | . . . . . . . . . . . . . . . . . . . . . . . . . . . 36 . . . . . Highest Corruption 5 | . . . 2 2 2 3 . . 3 4 . . 5 . 3 2 . . 2 . . 1 1 3 3 4 . . . . . . Average Corruption 2 | . . . 2 2 2 2 . . 3 3 . . 3 . 2 1 . . 2 . . 1 1 2 2 2 . . . . . . Corruption Purged 30 | . . . . . . . . . . . . . 11 . 5 2 . . . . . . 1 3 3 5 . . . . . . Effects 129 | . . . 4 8 11 8 . . 16 31 . . 16 . 9 4 . . . . . . 1 7 1 13 . . . . . . Message Errors 38 | . . . 2 2 4 1 . . 4 12 . . 1 . 5 . . . . . . . 1 2 . 4 . . . . . . Matter Fused 22 | . . . . . . 3 . . 2 8 . . 2 . 1 . . . . . . . . 3 . 3 . . . . . . Heat Flow Errors 22 | . . . 1 2 2 3 . . 2 5 . . 3 . . . . . . . . . . 1 1 2 . . . . . . Energy Discharges 13 | . . . . 1 1 1 . . 2 4 . . 1 . 1 . . . . . . . . 1 . 1 . . . . . . Parts Rejected 2 | . . . . . . . . . . . . . 2 . . . . . . . . . . . . . . . . . . . Data Loss (minor) 19 | . . . . 3 4 . . . 3 2 . . 4 . 1 2 . . . . . . . . . . . . . . . . Targeting Errors 11 | . . . 1 . . . . . 3 . . . 2 . 1 2 . . . . . . . . . 2 . . . . . . Weapon Failures 2 | . . . . . . . . . . . . . 1 . . . . . . . . . . . . 1 . . . . . . Overload Shots 4 | . . . . . . . . . . . . . . . 1 1 1 . 1 . . . . . . . . . . . . . Overflow Damage 2127 | . . . 50 26 . 11 8 3 9 117 . . 33 126 159 . . . 13 . . . 18 . . 109 36 75 8 301 878 147 Projectiles 1250 | . . . . . . . . . . . . . 8 . . . . . . . . . 18 . . 109 36 75 8 274 705 17 Explosions 693 | . . . 50 26 . 11 8 3 9 105 . . 25 126 . . . . 13 . . . . . . . . . . 14 173 130 Melee 184 | . . . . . . . . . . 12 . . . . 159 . . . . . . . . . . . . . . 13 . . Knockbacks 42 | . . . . . . . . . . . . . 4 5 . . . . . . 2 . . . . 8 . . . 9 14 . Impact . | . . . . . . . . . . . . . . . . . . . . . . . . . . . . . . . . . Kinetic 41 | . . . . . . . . . . . . . 4 5 . . . . . . 2 . . . . 8 . . . 9 13 . Secondary 1 | . . . . . . . . . . . . . . . . . . . . . . . . . . . . . . . 1 . Self-Inflicted Damage 1625 | . . . 103 46 . 45 49 47 59 36 . 100 93 281 . . . . 197 . . . 57 86 50 . 65 . . . 219 92 Shots 52 | . . . 4 1 . 6 3 1 5 2 . 11 2 6 . . . . 2 . . . 2 1 1 . 1 . . . 3 1 Rammed 8 | . . . . . . . . . 2 . . . . . . . . . . . . . . . . 2 . . . 2 2 . Targets Rammed 9 | . . . . . . . . . 2 . . . . . . . . . . . . . . . . 2 . . . 2 3 . Kicked . | . . . . . . . . . . . . . . . . . . . . . . . . . . . . . . . . . Crushed 1 | . . . . . . . . . . . . . . . . . . . . . . . . . . . . . . . 1 . Highest Temperature 439 | . 6 20 358 223 137 271 10 138 268 278 . 268 271 170 138 160 193 13 197 33 201 . 110 264 184 310 265 243 275 278 439 348 Average Temperature 86 | . 3 11 70 65 72 93 5 43 56 109 . 128 83 86 99 13 32 5 136 12 91 . 41 91 60 108 106 74 133 46 128 42 Received Heat Transfer 5254 | . 165 33 228 69 . 90 45 90 261 36 . 1449 135 543 . 231 35 45 . 162 54 . 81 412 69 299 64 28 180 153 204 93 Effects 16 | . . . 3 . . . . . . 2 . . . . . . . . . . . . . 2 . . . . . . 8 1 Shutdowns 2 | . . . . . . . . . . . . . . . . . . . . . . . . . . . . . . . 2 . Interference 13 | . . . 3 . . . . . . 2 . . . . . . . . . . . . . 2 . . . . . . 6 . Short Circuit 1 | . . . . . . . . . . . . . . . . . . . . . . . . . . . . . . . . 1 Siege Activations 88 | . . . . . . . . . . . . . . . . . 2 4 1 1 . . 2 6 1 12 7 7 10 10 15 10 Total Turns 1104 | . . . . . . . . . . . . . . . . . 10 31 32 14 . . 13 121 4 184 79 45 96 112 235 128 Longest Duration 45 | . . . . . . . . . . . . . . . . . 6 12 32 14 . . 7 44 4 38 20 10 30 33 45 29 Robots Corrupted 63 | . . . 1 . . 2 . 1 1 . . 2 1 4 . . . . 2 . . . 1 3 . 5 8 4 10 12 6 . Combat Hostiles 61 | . . . 1 . . 2 . 1 1 . . 2 1 4 . . . . . . . . 1 3 . 5 8 4 10 12 6 . Parts Fried 124 | . . . 5 2 . 2 . . 8 . . 1 2 7 . . . . 6 . . . . 9 . 5 7 9 21 15 25 . Impact Corruptions 2 | . . . . . . . . . . . . . . . . . . . . . . . . . . . . . . 1 1 . Robots Melted 5 | . . . . . . . . . . . . . . . . . . . 1 . . . . . . 3 1 . . . . . Combat Hostiles 5 | . . . . . . . . . . . . . . . . . . . 1 . . . . . . 3 1 . . . . . Parts Melted 54 | . . . . . . . . . . . . . . 1 1 . . 1 1 . . . . 1 . 22 10 3 . 1 13 . Heat Transferred 16446 | . . . 150 50 . 100 . 150 200 . . 50 775 450 309 . . . 481 . 259 . . 507 681 4107 1025 555 592 335 4443 1227 Parts Sabotaged . | . . . . . . . . . . . . . . . . . . . . . . . . . . . . . . . . . Parts Stolen . | . . . . . . . . . . . . . . . . . . . . . . . . . . . . . . . . . Parts Stripped . | . . . . . . . . . . . . . . . . . . . . . . . . . . . . . . . . . Power Chain Reactions 29 | . . . 3 1 . 3 . 2 4 . . 3 2 6 . . . . . . . . . 1 1 . 1 . . 1 1 . Missiles Intercepted 7 | . . . . . . . . . . . . . . . . . . . . . . . . . . . . 3 . . 4 . Alert | -11 -10 -10 -9 -9 -9 -8 -8 -8 -8 -8 -7 -7 -6 -6 -5 -5 -5 -5 -5 -4 -4 -4 -4 -3 -3 -3 -2 -2 -2 -1 -1 -1 ------- Run | Scr Mat Min Mat Min Exi Min Mat Gar Mat Gar Fac Gar Fac Gar Fac Ext Cet Arc Hub Fac Gar Fac Gar Res Qua Sec Res Tes Gar Acc Com Ac0 Peak Influence 795 | . 273 115 425 283 . 169 159 215 206 427 224 375 367 781 449 447 542 243 795 389 189 478 527 414 155 388 425 246 541 638 610 . Initial 409 | . . 5 39 108 . . 41 7 104 78 224 156 196 254 409 56 249 216 31 389 56 98 198 296 37 54 49 238 117 324 97 . Average 216 | . 119 69 196 184 . 90 50 131 95 356 224 324 207 510 232 207 389 156 107 186 133 270 414 97 69 83 239 121 388 340 202 . Maximum Alert Level 3 | . 1 . 2 1 . . . 1 1 2 1 1 1 3 2 2 2 1 3 1 . 2 2 2 . 1 2 1 2 2 3 . Low Security (%) 47 | 100 73 100 54 40 . 100 100 67 85 10 . 12 38 . 48 53 1 53 97 57 100 44 4 85 100 91 41 90 8 22 22 . Level 1 27 | . 26 . 43 59 . . . 32 14 37 100 87 61 23 25 40 53 46 . 42 . 11 53 12 . 8 46 9 48 44 10 . Level 2 12 | . . . 2 . . . . . . 52 . . . 68 25 5 45 . . . . 43 41 2 . . 12 . 42 33 3 . Level 3 12 | . . . . . . . . . . . . . . 8 . . . . 1 . . . . . . . . . . . 62 . Level 4 . | . . . . . . . . . . . . . . . . . . . . . . . . . . . . . . . . . Level 5 . | . . . . . . . . . . . . . . . . . . . . . . . . . . . . . . . . . High Security . | . . . . . . . . . . . . . . . . . . . . . . . . . . . . . . . . . Max Security . | . . . . . . . . . . . . . . . . . . . . . . . . . . . . . . . . . Squads Dispatched 60 | . 2 . 3 . . . . . 4 . 1 . 7 . 3 1 . . 1 2 . 1 . 5 5 9 2 6 . 2 6 . Investigation 10 | . . . 2 . . . . . 1 . 1 . 3 . . . . . . 1 . . . . 1 . 1 . . . . . Extermination 26 | . . . . . . . . . . . . . 4 . 3 . . . . 1 . . . 1 3 4 1 3 . 1 5 . Reinforcement 14 | . 2 . 1 . . . . . 1 . . . . . . 1 . . 1 . . . . 2 1 2 . 3 . . . . Assault 2 | . . . . . . . . . . . . . . . . . . . . . . . . . . . . . . 1 1 . Garrison 8 | . . . . . . . . . 2 . . . . . . . . . . . . 1 . 2 . 3 . . . . . . Intercept . | . . . . . . . . . . . . . . . . . . . . . . . . . . . . . . . . . Construction Impeded 1 | . . . 1 . . . . . . . . . . . . . . . . . . . . . . . . . . . . . Haulers Reinforced . | . . . . . . . . . . . . . . . . . . . . . . . . . . . . . . . . . Stealth | -11 -10 -10 -9 -9 -9 -8 -8 -8 -8 -8 -7 -7 -6 -6 -5 -5 -5 -5 -5 -4 -4 -4 -4 -3 -3 -3 -2 -2 -2 -1 -1 -1 --------- Run | Scr Mat Min Mat Min Exi Min Mat Gar Mat Gar Fac Gar Fac Gar Fac Ext Cet Arc Hub Fac Gar Fac Gar Res Qua Sec Res Tes Gar Acc Com Ac0 Distress Signals 46 | . 4 . 4 . . . . . 4 . . . . . . 2 1 . . . . . . 2 1 . 1 . . 1 26 . Communications Jammed 245 | . . . . . . . . . . . . . 1 . . 101 . . . . . . . . . 14 1 11 . 117 . . Distress Signals 243 | . . . . . . . . . . . . . 1 . . 101 . . . . . . . . . 13 . 11 . 117 . . Times Spotted 686 | . 17 9 37 22 . 10 3 7 27 16 1 21 16 35 7 29 14 13 5 6 13 5 19 36 15 51 22 33 17 57 86 37 Peak Tracking Total 17 | . 5 3 8 12 . 4 3 2 6 8 1 13 3 7 2 5 6 1 17 4 11 3 8 8 3 6 4 5 4 9 8 5 Tactical Retreats 52 | . 1 1 5 . . 1 . . 1 1 . 3 . 13 . . 1 . . . 1 . 2 2 2 2 3 3 1 1 6 2 Traps | -11 -10 -10 -9 -9 -9 -8 -8 -8 -8 -8 -7 -7 -6 -6 -5 -5 -5 -5 -5 -4 -4 -4 -4 -3 -3 -3 -2 -2 -2 -1 -1 -1 ------- Run | Scr Mat Min Mat Min Exi Min Mat Gar Mat Gar Fac Gar Fac Gar Fac Ext Cet Arc Hub Fac Gar Fac Gar Res Qua Sec Res Tes Gar Acc Com Ac0 Traps Triggered 59 | . . . 1 . . . . 3 . 5 . 6 1 4 . 3 . . 4 1 7 . 6 . 1 2 2 . 4 1 8 . Indirectly 3 | . . . . . . . . . . . . 3 . . . . . . . . . . . . . . . . . . . . Trap Hack Attempts . | . . . . . . . . . . . . . . . . . . . . . . . . . . . . . . . . . Triggered . | . . . . . . . . . . . . . . . . . . . . . . . . . . . . . . . . . Disarmed . | . . . . . . . . . . . . . . . . . . . . . . . . . . . . . . . . . Reprogrammed . | . . . . . . . . . . . . . . . . . . . . . . . . . . . . . . . . . Reused . | . . . . . . . . . . . . . . . . . . . . . . . . . . . . . . . . . Traps Extracted . | . . . . . . . . . . . . . . . . . . . . . . . . . . . . . . . . . Installed . | . . . . . . . . . . . . . . . . . . . . . . . . . . . . . . . . . Triggered 1 | . . . . . . . . . . . . 1 . . . . . . . . . . . . . . . . . . . . Power Sources Rigged 3 | . . . . . . . . . . . . . 1 2 . . . . . . . . . . . . . . . . . . Exploded 4 | . . . . . . . . . . 1 . 1 . 2 . . . . . . . . . . . . . . . . . . Machines | -11 -10 -10 -9 -9 -9 -8 -8 -8 -8 -8 -7 -7 -6 -6 -5 -5 -5 -5 -5 -4 -4 -4 -4 -3 -3 -3 -2 -2 -2 -1 -1 -1 ---------- Run | Scr Mat Min Mat Min Exi Min Mat Gar Mat Gar Fac Gar Fac Gar Fac Ext Cet Arc Hub Fac Gar Fac Gar Res Qua Sec Res Tes Gar Acc Com Ac0 Machines Disabled 66 | . . . 3 . . . 2 1 . . . . 1 2 . 2 4 3 15 . 2 . 1 . 6 7 . 6 3 2 4 2 Max in Single Turn 8 | . . . 2 . . . 2 1 . . . . 1 1 . 1 1 1 8 . 1 . 1 . 1 1 . 1 1 1 1 1 Garrison Access 4 | . . . . . . . . . . . . . . . 1 . . . . . . . . 1 . . 1 . . 1 . . Garrison Relay 8 | . . . . . . . . 1 . . . . . 2 . . . . . . 2 . 1 . . . . . 2 . . . Network Hub 2 | . . . . . . . . . . . . . . . . . . . 2 . . . . . . . . . . . . . Machines Sabotaged . | . . . . . . . . . . . . . . . . . . . . . . . . . . . . . . . . . Garrisons Compromised . | . . . . . . . . . . . . . . . . . . . . . . . . . . . . . . . . . Overloaded Fab Kills . | . . . . . . . . . . . . . . . . . . . . . . . . . . . . . . . . . Fab Network Shutdowns 2 | . . . . . . . . . . . . . 1 . . . . . . . . 1 . . . . . . . . . . Hacking | -11 -10 -10 -9 -9 -9 -8 -8 -8 -8 -8 -7 -7 -6 -6 -5 -5 -5 -5 -5 -4 -4 -4 -4 -3 -3 -3 -2 -2 -2 -1 -1 -1 --------- Run | Scr Mat Min Mat Min Exi Min Mat Gar Mat Gar Fac Gar Fac Gar Fac Ext Cet Arc Hub Fac Gar Fac Gar Res Qua Sec Res Tes Gar Acc Com Ac0 Machines Accessed 125 | . 3 . 11 . 2 . 4 . 5 . 1 . 4 . 6 8 3 1 5 5 . 2 . 4 9 20 6 12 . 5 9 . Terminals 85 | . 3 . 8 . . . 2 . 4 . . . 1 . 3 8 3 . 4 3 . . . 3 6 16 2 6 . 4 9 . Fabricators 7 | . . . . . . . . . . . . . 2 . . . . . . . . 1 . . . . 2 2 . . . . Repair Stations 5 | . . . . . . . . . . . . . . . 2 . . . . 1 . . . . . 2 . . . . . . Recycling Units 2 | . . . 2 . . . . . . . . . . . . . . . . . . . . . . . . . . . . . Scanalyzers 9 | . . . 1 . . . 1 . . . . . . . . . . . . . . . . . 2 2 . 3 . . . . Garrison Access 14 | . . . . . . . 1 . 1 . 1 . 1 . 1 . . . 1 1 . 1 . 1 1 . 2 1 . 1 . . Total Hacks 510 | . 10 . 25 . 24 . 12 . 13 . 3 . 11 . 13 15 6 25 13 23 . 20 . 21 45 103 22 42 . 18 46 . Successful 288 | . 5 . 15 . 24 . 10 . 7 . 2 . 5 . 9 7 5 25 8 14 . 11 . 8 24 48 9 17 . 9 26 . Failed 222 | . 5 . 10 . . . 2 . 6 . 1 . 6 . 4 8 1 . 5 9 . 9 . 13 21 55 13 25 . 9 20 . Catastrophic 28 | . 1 . 1 . . . . . 1 . . . 1 . . . . . 1 1 . . . 4 5 3 2 5 . 1 2 . Database Lockouts . | . . . . . . . . . . . . . . . . . . . . . . . . . . . . . . . . . Manual 199 | . 7 . 16 . 1 . 5 . 8 . 1 . 4 . 3 . 2 . 10 8 . 4 . 16 21 46 10 11 . 4 22 . Terminals 309 | . 10 . 19 . . . 6 . 10 . . . 2 . 6 15 6 . 11 12 . . . 18 34 78 5 17 . 14 46 . Fabricators 35 | . . . . . . . . . . . . . 6 . . . . . . . . 17 . . . . 9 3 . . . . Repair Stations 27 | . . . . . . . . . . . . . . . 5 . . . . 8 . . . . . 14 . . . . . . Recycling Units 2 | . . . 2 . . . . . . . . . . . . . . . . . . . . . . . . . . . . . Scanalyzers 46 | . . . 4 . . . 5 . . . . . . . . . . . . . . . . . 8 11 . 18 . . . . Garrison Access 42 | . . . . . . . 1 . 3 . 3 . 3 . 2 . . . 2 3 . 3 . 3 3 . 8 4 . 4 . . Terminal Hacks 134 | . 4 . 6 . 24 . 3 . 2 . . . . . 3 7 5 25 2 3 . . . 3 9 14 1 3 . 5 15 . Record 59 | . . . . . 23 . . . . . . . . . . . 5 25 . . . . . . 2 . . . . . 4 . Part Schematic 4 | . 1 . . . . . 1 . . . . . . . . . . . . . . . . 2 . . . . . . . . Robot Analysis 1 | . . . . . . . . . . . . . . . . . . . . . . . . . 1 . . . . . . . Open Door 12 | . . . . . . . . . . . . . . . . 7 . . . . . . . . . 4 . . . . 1 . Level Access Points 3 | . . . . . . . . . . . . . . . . . . . . . . . . . 1 . . 1 . . 1 . Branch Access Points 4 | . 1 . 1 . . . . . . . . . . . 1 . . . . . . . . 1 . . . . . . . . Machine Index 2 | . . . . . . . . . . . . . . . . . . . . . . . . . . . 1 . . . 1 . Terminal Index 4 | . . . . . . . . . . . . . . . . . . . . . . . . . 1 1 . 1 . 1 . . Scanalyzer Index 2 | . . . . . . . . . . . . . . . . . . . . . . . . . 1 1 . . . . . . Garrison Index 2 | . . . . . . . . . . . . . . . . . . . . . . . . . . 1 . . . . 1 . Alert Level 1 | . . . 1 . . . . . . . . . . . . . . . . . . . . . . . . . . . . . Unreport Threat 16 | . 1 . 2 . . . 1 . 1 . . . . . . . . . . 2 . . . . . 3 . 1 . 3 2 . Locate Traps 1 | . . . . . . . . . . . . . . . . . . . . . . . . . . . . . . . 1 . Transport Status 1 | . . . . . . . . . . . . . . . . . . . . . . . . . . . . . . . 1 . Recall Investigation 1 | . . . . . . . . . . . . . . . . . . . . . . . . . . 1 . . . . . . Recall Extermination 2 | . . . . . . . . . . . . . . . 1 . . . . . . . . . 1 . . . . . . . Recall Reinforcements 1 | . . . . . . . . . . . . . . . . . . . . . . . . . . 1 . . . . . . Hauler Manifests 1 | . . . 1 . . . . . . . . . . . . . . . . . . . . . . . . . . . . . Registered Components 1 | . . . . . . . . . . . . . . . . . . . . . . . . . . . . . . . 1 . Registered Prototypes 2 | . . . . . . . . . . . . . . . . . . . . . . . . . 1 . . . . . 1 . Zone Layout 13 | . 1 . 1 . . . 1 . 1 . . . . . 1 . . . 2 1 . . . . 1 2 . . . 1 1 . EX-Prototype ID Bank 1 | . . . . . 1 . . . . . . . . . . . . . . . . . . . . . . . . . . . Fabricator Hacks 15 | . . . . . . . . . . . . . 4 . . . . . . . . 7 . . . . 3 1 . . . . Load Schematic 6 | . . . . . . . . . . . . . 1 . . . . . . . . 2 . . . . 2 1 . . . . Build 9 | . . . . . . . . . . . . . 3 . . . . . . . . 5 . . . . 1 . . . . . Repair Station Hacks 13 | . . . . . . . . . . . . . . . 4 . . . . 3 . . . . . 6 . . . . . . Scan Component 7 | . . . . . . . . . . . . . . . 2 . . . . 2 . . . . . 3 . . . . . . Repair 6 | . . . . . . . . . . . . . . . 2 . . . . 1 . . . . . 3 . . . . . . Recycling Unit Hacks . | . . . . . . . . . . . . . . . . . . . . . . . . . . . . . . . . . Scanalyzer 31 | . . . 4 . . . 4 . . . . . . . . . . . . . . . . . 5 8 . 10 . . . . Insert Component 27 | . . . 2 . . . 2 . . . . . . . . . . . . . . . . . 5 8 . 10 . . . . Analyze 4 | . . . 2 . . . 2 . . . . . . . . . . . . . . . . . . . . . . . . . Garrison Access Hacks 19 | . . . . . . . 1 . 2 . 2 . 1 . 2 . . . 1 2 . 2 . 1 . . 2 1 . 2 . . Unlock Access 8 | . . . . . . . 1 . 1 . 1 . 1 . . . . . 1 1 . 1 . . . . . 1 . . . . Seal Access 4 | . . . . . . . . . . . . . . . 1 . . . . . . . . 1 . . 1 . . 1 . . Coupler Status 7 | . . . . . . . . . 1 . 1 . . . 1 . . . . 1 . 1 . . . . 1 . . 1 . . Unauthorized Hacks 76 | . 1 . 5 . . . 2 . 3 . . . . . . . . . 5 6 . 2 . 4 10 20 3 2 . 2 11 . Terminals 63 | . 1 . 3 . . . 2 . 2 . . . . . . . . . 5 5 . . . 3 7 20 1 2 . 1 11 . Track 23 | . . . 1 . . . 1 . . . . . . . . . . . 2 2 . . . 1 3 7 . . . . 6 . Assimilate 3 | . . . . . . . . . . . . . . . . . . . . . . . . . . 3 . . . . . . Botnet 29 | . 1 . 1 . . . 1 . 2 . . . . . . . . . 1 2 . . . 2 4 7 1 2 . . 5 . Disrupt 8 | . . . 1 . . . . . . . . . . . . . . . 2 1 . . . . . 3 . . . 1 . . Fabricators 2 | . . . . . . . . . . . . . . . . . . . . . . 2 . . . . . . . . . . Prioritize 1 | . . . . . . . . . . . . . . . . . . . . . . 1 . . . . . . . . . . Siphon 1 | . . . . . . . . . . . . . . . . . . . . . . 1 . . . . . . . . . . Repair Stations . | . . . . . . . . . . . . . . . . . . . . . . . . . . . . . . . . . Recycling Units 2 | . . . 2 . . . . . . . . . . . . . . . . . . . . . . . . . . . . . Tunnel 2 | . . . 2 . . . . . . . . . . . . . . . . . . . . . . . . . . . . . Scanalyzers 1 | . . . . . . . . . . . . . . . . . . . . . . . . . 1 . . . . . . . Researchers 1 | . . . . . . . . . . . . . . . . . . . . . . . . . 1 . . . . . . . Garrison Access 8 | . . . . . . . . . 1 . . . . . . . . . . 1 . . . 1 2 . 2 . . 1 . . Redirect 2 | . . . . . . . . . . . . . . . . . . . . . . . . . 1 . 1 . . . . . Reprogram 1 | . . . . . . . . . . . . . . . . . . . . . . . . 1 . . . . . . . . Watchers 3 | . . . . . . . . . . . . . . . . . . . . . . . . . 1 . 1 . . 1 . . Eject 2 | . . . . . . . . . 1 . . . . . . . . . . 1 . . . . . . . . . . . . Data Cores Recovered . | . . . . . . . . . . . . . . . . . . . . . . . . . . . . . . . . . Used . | . . . . . . . . . . . . . . . . . . . . . . . . . . . . . . . . . Hacking Detections 94 | . 3 . 9 . . . 1 . 4 . 1 . 4 . 6 5 2 . 5 5 . 2 . 4 4 11 5 11 . 5 7 . Full Trace Events 5 | . 1 . . . . . . . . . 1 . 3 . . . . . . . . . . . . . . . . . . . Feedback Events 1 | . . . . . . . . . . . . . 1 . . . . . . . . . . . . . . . . . . . Corruption 1 | . . . . . . . . . . . . . 1 . . . . . . . . . . . . . . . . . . . Feedback Blocked . | . . . . . . . . . . . . . . . . . . . . . . . . . . . . . . . . . Robot Schematics Acquired . | . . . . . . . . . . . . . . . . . . . . . . . . . . . . . . . . . Robots Built . | . . . . . . . . . . . . . . . . . . . . . . . . . . . . . . . . . Matter . | . . . . . . . . . . . . . . . . . . . . . . . . . . . . . . . . . Time . | . . . . . . . . . . . . . . . . . . . . . . . . . . . . . . . . . Total Robot Build Rating . | . . . . . . . . . . . . . . . . . . . . . . . . . . . . . . . . . Part Schematics Acquired 8 | . 1 . 2 . . . 3 . . . . . . . . . . . . . . . . 2 . . . . . . . . Parts Built 11 | . . . . . . . . . . . . . 3 . . . . . . . . 7 . . . . 1 . . . . . Matter 1083 | . . . . . . . . . . . . . 306 . . . . . . . . 492 . . . . 285 . . . . . Time 334 | . . . . . . . . . . . . . 153 . . . . . . . . 105 . . . . 76 . . . . . Total Part Build Rating 19 | . . . . . . . . . . . . . 3 . . . . . . . . 11 . . . . 5 . . . . . Parts Repaired 6 | . . . . . . . . . . . . . . . 2 . . . . 1 . . . . . 3 . . . . . . Time 245 | . . . . . . . . . . . . . . . 26 . . . . 54 . . . . . 165 . . . . . . Parts Recycled . | . . . . . . . . . . . . . . . . . . . . . . . . . . . . . . . . . Recycled Matter . | . . . . . . . . . . . . . . . . . . . . . . . . . . . . . . . . . Retrieved Matter . | . . . . . . . . . . . . . . . . . . . . . . . . . . . . . . . . . Retrieved Components . | . . . . . . . . . . . . . . . . . . . . . . . . . . . . . . . . . Parts Scanalyzed 4 | . . . 2 . . . 2 . . . . . . . . . . . . . . . . . . . . . . . . . Part Schematics Acquired 4 | . . . 2 . . . 2 . . . . . . . . . . . . . . . . . . . . . . . . . Parts Damaged . | . . . . . . . . . . . . . . . . . . . . . . . . . . . . . . . . . Bothacking | -11 -10 -10 -9 -9 -9 -8 -8 -8 -8 -8 -7 -7 -6 -6 -5 -5 -5 -5 -5 -4 -4 -4 -4 -3 -3 -3 -2 -2 -2 -1 -1 -1 ------------ Run | Scr Mat Min Mat Min Exi Min Mat Gar Mat Gar Fac Gar Fac Gar Fac Ext Cet Arc Hub Fac Gar Fac Gar Res Qua Sec Res Tes Gar Acc Com Ac0 Used RIF Installer 7 | . . . . . . . . 1 . 1 . 1 . 1 . . . . . . 1 . 1 . . . . . 1 . . . Coupler Efficiency 1 | . . . . . . . . . . . . . . . . . . . . . 1 . . . . . . . . . . . Threat Obfuscator 1 | . . . . . . . . . . . . 1 . . . . . . . . . . . . . . . . . . . . Zone Cloak 1 | . . . . . . . . . . . . . . . . . . . . . . . 1 . . . . . . . . . Patrol Navigation 1 | . . . . . . . . . . . . . . 1 . . . . . . . . . . . . . . . . . . Structural Interface 1 | . . . . . . . . . . . . . . . . . . . . . . . . . . . . . 1 . . . Program Shield 1 | . . . . . . . . . . 1 . . . . . . . . . . . . . . . . . . . . . . Robots Hacked 62 | . . . . . . . . . . 1 . . . . 3 3 . . . 1 7 . 6 9 4 7 1 5 . 11 4 . Non-combat 22 | . . . . . . . . . . . . . . . 3 . . . . 1 . . . 3 . 5 1 . . 6 3 . Combat 39 | . . . . . . . . . . 1 . . . . . 3 . . . . 7 . 6 6 4 2 . 5 . 5 . . Robot Hacks Applied 75 | . . . . . . . . . . 3 . . . . 3 3 . . . 1 7 . 6 13 5 11 1 7 . 12 3 . parse_system 2 | . . . . . . . . . . . . . . . . . . . . . . . . . . 2 . . . . . . find_chute 3 | . . . . . . . . . . . . . . . 2 . . . . 1 . . . . . . . . . . . . ignore_repairs 2 | . . . . . . . . . . . . . . . . . . . . . . . . . . 1 . . . 1 . . drop_inventory 1 | . . . . . . . . . . . . . . . . . . . . . . . . 1 . . . . . . . . find_recycling 1 | . . . . . . . . . . . . . . . 1 . . . . . . . . . . . . . . . . . purge_threat 3 | . . . . . . . . . . . . . . . . . . . . . . . . 2 . 1 . . . . . . block_reporting 2 | . . . . . . . . . . . . . . . . . . . . . . . . . . 2 . . . . . . map_route 5 | . . . . . . . . . . . . . . . . . . . . . . . . . . . . . . 3 2 . disable_scanner 8 | . . . . . . . . . . . . . . . . . . . . . . . . . 3 . . 5 . . . . locate_prototypes 1 | . . . . . . . . . . . . . . . . . . . . . . . . . 1 . . . . . . . report_analyses 3 | . . . . . . . . . . . . . . . . . . . . . . . . . 1 . . 2 . . . . link_fov 5 | . . . . . . . . . . . . . . . . . . . . . . . . . . 4 . . . 1 . . scatter_targeting 1 | . . . . . . . . . . 1 . . . . . . . . . . . . . . . . . . . . . . mark_system 1 | . . . . . . . . . . . . . . . . 1 . . . . . . . . . . . . . . . . overload_power 1 | . . . . . . . . . . . . . . . . . . . . . . . . . . . . . . . 1 . overwrite_iff 18 | . . . . . . . . . . 2 . . . . . 1 . . . . 6 . . 4 . . . . . 5 . . formatsys_low 3 | . . . . . . . . . . . . . . . . . . . . . . . . 2 . 1 . . . . . . formatsys_high 15 | . . . . . . . . . . . . . . . . 1 . . . . 1 . 6 4 . . 1 . . 2 . . Manual 1 | . . . . . . . . . . . . . . . . . . . . . . . . . . . . . . . 1 . Relay Couplers Released 41 | . . . . . . . . 4 3 . . . . 8 . . . . . 3 8 . 4 . . 4 1 . 6 . . . Ejected 6 | . . . . . . . . . 3 . . . . . . . . . . 3 . . . . . . . . . . . . Machine Destruction 31 | . . . . . . . . 4 . . . . . 8 . . . . . . 8 . 4 . . . 1 . 6 . . . Programmers 4 | . . . . . . . . . . . . . . . . . . . . . . . . . . 4 . . . . . . Attached 25 | . . . . . . . . . . 1 . 1 1 . . 1 . . . . 4 . 3 6 1 1 . 1 . 4 1 . Robots Rewired 18 | . . . . . . . . . . . . . . . . 18 . . . . . . . . . . . . . . . . Allies Hacked 5 | . . . . . . . . . . . . . . . . . . . . . . . . 1 . 1 1 . . 2 . . Hacks Repelled . | . . . . . . . . . . . . . . . . . . . . . . . . . . . . . . . . . Allies | -11 -10 -10 -9 -9 -9 -8 -8 -8 -8 -8 -7 -7 -6 -6 -5 -5 -5 -5 -5 -4 -4 -4 -4 -3 -3 -3 -2 -2 -2 -1 -1 -1 -------- Run | Scr Mat Min Mat Min Exi Min Mat Gar Mat Gar Fac Gar Fac Gar Fac Ext Cet Arc Hub Fac Gar Fac Gar Res Qua Sec Res Tes Gar Acc Com Ac0 Total Allies 70 | . . 4 . . . . . . . 1 . . . . . 33 . . . . 7 . 6 9 . 3 1 . . 6 . . Largest Group 20 | . . 4 4 . . . . . . 1 . . . . . 20 18 6 . . 3 1 3 4 1 1 1 . . 1 . . Highest-Rated Group 623 | . . 71 71 . . . . . . 15 . . . . . 623 623 277 . . 152 49 145 181 44 26 44 . . 58 . . Highest-Rated Ally 156 | . . 31 31 . . . . . . 15 . . . . . 156 156 150 . . 56 49 58 64 44 26 44 . . 58 . . Total Orders 89 | . . . . . . . . . . . . . . . . . . 3 2 6 2 1 11 23 2 10 . . . 12 6 11 STAY 28 | . . . . . . . . . . . . . . . . . . 2 . . 1 1 6 10 . 5 . . . 3 . . FOLLOW 26 | . . . . . . . . . . . . . . . . . . 1 . . 1 . 5 13 . 5 . . . 1 . . EXPLORE 16 | . . . . . . . . . . . . . . . . . . . 1 2 . . . . 1 . . . . 4 4 4 RETURN 19 | . . . . . . . . . . . . . . . . . . . 1 4 . . . . 1 . . . . 4 2 7 Ally Attacks 617 | . . 9 21 . . . . . . 7 . . . . . 150 96 10 . . 19 8 34 44 . . . 7 . 212 . . Total Damage 14509 | . . 124 252 . . . . . . 150 . . . . . 3340 1813 210 . . 594 287 952 1409 . . . 267 . 5111 . . Kills 76 | . . 3 3 . . . . . . 4 . . . . . 23 15 . . . 2 1 5 3 . . . 1 . 16 . . Allies Corrupted 4 | . . . . . . . . . . . . . . . . . . . . . . 1 . 1 . . 1 . . . 1 . Allies Melted . | . . . . . . . . . . . . . . . . . . . . . . . . . . . . . . . . . Turrets Deployed 3 | . . . . . . . . . . . . . . . . . . . . . . . . . . . . 1 . 2 . . Intel | -11 -10 -10 -9 -9 -9 -8 -8 -8 -8 -8 -7 -7 -6 -6 -5 -5 -5 -5 -5 -4 -4 -4 -4 -3 -3 -3 -2 -2 -2 -1 -1 -1 ------- Run | Scr Mat Min Mat Min Exi Min Mat Gar Mat Gar Fac Gar Fac Gar Fac Ext Cet Arc Hub Fac Gar Fac Gar Res Qua Sec Res Tes Gar Acc Com Ac0 Robot Analysis Total 1 | . . . . . . . . . . . . . . . . . . . . . . . . . 1 . . . . . . . Derelict Logs Recovered 2 | . . 1 . 1 . . . . . . . . . . . . . . . . . . . . . . . . . . . . Drone Launches 78 | . . . . . . . . . . . . . . . . . . . 2 4 . . . . 2 . . . . 58 5 7 Drone Recoveries 43 | . . . . . . . . . . . . . . . . . . . 2 4 . . . . 1 . . . . 28 3 5 Exploration | -11 -10 -10 -9 -9 -9 -8 -8 -8 -8 -8 -7 -7 -6 -6 -5 -5 -5 -5 -5 -4 -4 -4 -4 -3 -3 -3 -2 -2 -2 -1 -1 -1 ------------- Run | Scr Mat Min Mat Min Exi Min Mat Gar Mat Gar Fac Gar Fac Gar Fac Ext Cet Arc Hub Fac Gar Fac Gar Res Qua Sec Res Tes Gar Acc Com Ac0 Turns Passed 43793 | 82 527 594 1142 628 1022 577 535 699 1092 1654 206 1939 1968 1485 1548 1125 380 730 353 489 1508 453 1974 1473 1874 2900 1104 1795 1427 1424 8075 1011 Spaces Moved 18047 | 65 252 360 481 269 744 322 288 267 392 555 78 745 761 581 735 566 170 316 140 171 708 180 930 576 728 1076 454 817 381 553 3022 364 Core 14 | 14 . . . . . . . . . . . . . . . . . . . . . . . . . . . . . . . . Treads 11490 | . . . 388 183 . . . 152 93 555 78 745 761 581 . 265 170 316 140 171 233 . 133 217 728 778 127 817 381 553 2839 86 Legs 2407 | 51 252 360 18 . . . . . . . . . . . 296 . . . . . 475 45 449 . . . . . . . 183 278 Wheels 4136 | . . . 75 86 744 322 288 115 299 . . . . . 439 301 . . . . . 135 348 359 . 298 327 . . . . . Hover . | . . . . . . . . . . . . . . . . . . . . . . . . . . . . . . . . . Flight . | . . . . . . . . . . . . . . . . . . . . . . . . . . . . . . . . . Fastest Speed 50 | 50 120 150 120 110 100 150 150 160 170 240 240 192 185 185 110 116 178 178 180 180 150 130 120 130 180 160 160 160 187 165 160 135 Average Speed 181 | 104 160 152 170 159 130 157 159 211 191 275 247 216 203 198 142 147 178 180 180 208 186 142 157 166 188 179 173 163 187 177 201 149 Slowest Speed 285 | 120 180 180 180 180 150 160 160 260 260 280 260 280 265 212 240 285 178 183 180 240 260 180 240 220 200 250 250 187 187 225 225 185 Overloaded Moves . | . . . . . . . . . . . . . . . . . . . . . . . . . . . . . . . . . Propulsion Burnouts . | . . . . . . . . . . . . . . . . . . . . . . . . . . . . . . . . . Robots Hopped . | . . . . . . . . . . . . . . . . . . . . . . . . . . . . . . . . . Cave-ins Triggered 1 | . . . . . . . . . . . . . . . . . . . . . . . . . . . . . . . 1 . Teleports 3 | . . . . . . . . . . . . . . . . . . . . . . . . . . . . . . 1 1 1 Exploration Rate (%) 48 | 4 48 96 59 57 94 41 33 34 43 71 3 56 25 42 21 75 83 95 29 8 51 8 63 18 63 69 19 90 59 28 91 36 Regions Visited 32 Branch Regions 13 Pre-discovered Areas 4 | . . . 2 1 1 . . . . . . . . . . . . . . . . . . . . . . . . . . . Known Exits Taken 18 | . 1 . 1 . . . 1 . 1 . 1 . 1 . 1 1 1 1 1 1 . 1 . 1 1 1 1 1 . . . . Unknown Exits Taken 7 | 1 . 1 . 1 1 1 . . . . . . . . . . . . . . . . . . . . . . . 1 1 . Scrap Searched 2 | . . 1 . . . 1 . . . . . . . . . . . . . . . . . . . . . . . . . . Spaces Dug 304 | . . . 14 13 . . 9 . 26 . . 9 20 . 19 3 . . 11 . . 6 20 11 26 31 15 31 6 21 7 6 Terrain Destroyed 1270 | . . . 26 68 . 43 45 4 34 8 . 17 25 46 20 6 3 9 326 15 1 8 25 25 31 37 23 31 6 83 96 209 Melee 224 | . . . . . . . 9 . 26 . . . 20 . 19 3 . . 10 . . 6 1 10 26 31 15 31 . 17 . . Projectile 238 | . . . . . . . . . . . . . . . 1 3 3 9 1 3 1 2 . 1 . 6 4 . 6 9 47 142 AOE 808 | . . . 26 68 . 43 36 4 8 8 . 17 5 46 . . . . 315 12 . . 24 14 5 . 4 . . 57 49 67 Terrain Rammed . | . . . . . . . . . . . . . . . . . . . . . . . . . . . . . . . . . Walls Destroyed . | . . . . . . . . . . . . . . . . . . . . . . . . . . . . . . . . . Machines Disabled . | . . . . . . . . . . . . . . . . . . . . . . . . . . . . . . . . . Actions | -11 -10 -10 -9 -9 -9 -8 -8 -8 -8 -8 -7 -7 -6 -6 -5 -5 -5 -5 -5 -4 -4 -4 -4 -3 -3 -3 -2 -2 -2 -1 -1 -1 --------- Run | Scr Mat Min Mat Min Exi Min Mat Gar Mat Gar Fac Gar Fac Gar Fac Ext Cet Arc Hub Fac Gar Fac Gar Res Qua Sec Res Tes Gar Acc Com Ac0 Total 27118 | 76 323 392 702 443 797 376 346 372 624 643 91 966 1048 819 1145 780 228 425 199 276 861 359 1409 1006 1169 1924 724 1176 1092 914 4780 633 Wait 4187 | . 19 20 82 137 . 32 17 29 101 2 . 31 82 98 242 11 16 50 17 58 11 122 278 147 216 310 94 130 583 62 1154 36 Move 18011 | 64 251 359 480 268 743 321 288 265 391 553 78 743 761 579 734 565 169 315 139 170 706 180 928 575 727 1075 453 816 379 552 3021 363 Hop . | . . . . . . . . . . . . . . . . . . . . . . . . . . . . . . . . . Pick Up 810 | 6 15 1 33 5 41 1 14 14 17 16 2 32 31 30 28 25 6 8 1 10 36 14 45 42 41 69 17 27 9 39 114 21 Fast Attach 163 | 6 1 2 4 1 1 2 1 3 6 . . 4 17 7 6 4 4 5 . 1 6 1 4 5 8 14 3 9 . 9 21 8 Attach 377 | . . 1 4 2 1 . 4 2 7 3 5 24 7 13 7 4 1 1 . 6 4 6 19 23 22 66 9 11 5 31 60 29 Detach 100 | . . . . . . . 1 . . . . 1 1 1 . . . . . . 1 . 1 5 8 38 . 3 1 13 26 . Swap 709 | . 5 . 19 10 . 2 3 11 17 11 2 19 45 12 36 53 7 3 13 12 18 10 16 58 22 63 32 47 20 27 81 35 Drop 750 | . 6 2 22 5 11 3 6 6 17 17 4 25 33 16 27 29 11 13 . 4 33 15 41 48 53 66 17 37 6 41 118 18 Fire 1504 | . 26 7 58 15 . 15 3 18 35 12 . 78 43 53 26 65 10 30 11 15 29 5 38 93 28 178 79 50 81 120 160 123 Melee 349 | . . . . . . . 9 . 31 19 . 7 27 . 39 5 4 . 10 . . 6 1 10 44 43 20 46 . 18 10 . Ram . | . . . . . . . . . . . . . . . . . . . . . . . . . . . . . . . . . Kick . | . . . . . . . . . . . . . . . . . . . . . . . . . . . . . . . . . Crush 9 | . . . . . . . . . 2 . . . . . . . . . . . . . . . . 2 . . . 2 3 . Escape Stasis 141 | . . . . . . . . 24 . 10 . 2 . 8 . 18 . . 8 . 16 . 36 . . . . . 8 . 11 . Rewire 5 | . . . . . . . . . . . . . . . . 1 . . . . 1 . 2 . . . . . . . 1 . Trap 3 | . . . . . . . . . . . . . 1 2 . . . . . . . . . . . . . . . . . . Miscellaneous . | . . . . . . . . . . . . . . . . . . . . . . . . . . . . . . . . . Route ------- -11/Scrapyard -10/Materials (discovered 2 exits: *Mat / *Min) -10/Mines (discovered 2 exits: *Mat x2) -9/Materials (discovered 2 exits: *Mat / *Min) -9/Mines (discovered 3 exits: *Mat x2 / *Exi) -9/Exiles (discovered 2 exits: [*Min x2]) -8/Mines -8/Materials -8/Garrison -8/Materials (discovered 2 exits: *Fac / Gar) -8/Garrison (discovered 3 exits: *Fac x3) -7/Factory -7/Garrison (discovered 2 exits: *Fac x2) -6/Factory -6/Garrison -5/Factory (discovered 4 exits: *Upp x2 / *Ext x2) -5/Extension (discovered 2 exits: *Fac / *Cet) -5/Cetus -5/Archives (discovered 3 exits: *Fac / *Hub x2) -5/Hub_04(d) (discovered 2 exits: *Fac / Gar) -4/Factory -4/Garrison (discovered 2 exits: *Fac x2) -4/Factory -4/Garrison (discovered 2 exits: *Res x2) -3/Research (discovered 3 exits: Arm / *Qua x2) -3/Quarantine (discovered 2 exits: Res / *Sec) -3/Section 7 -2/Research -2/Testing (discovered 2 exits: *Acc / Gar) -2/Garrison (discovered 2 exits: *Acc x2) -1/Access -1/Command (discovered 3 exits: *Sur x2 / [*Ac0]) -1/Access_0 0b11 Command History --------- Turn | Location | Event 9 | -11/Scrapyard | Discovered new exit (range 16) 83 | -11/Scrapyard | Entered Materials 133 | -10/Materials | Identified exit to Mines 191 | -10/Materials | Discovered new exit (range 13) 311 | -10/Materials | Build established: Mutant 610 | -10/Materials | Entered Mines 757 | -10/Mines | Learned Materials garrison access intel 857 | -10/Mines | Core integrity fell below 50% 952 | -10/Mines | Assisted by bots powering up and referring to "LRC-V3" 1067 | -10/Mines | Received a Mining Laser from a helpful Derelict 1153 | -10/Mines | Discovered new exit (range 8) 1171 | -10/Mines | Discovered new exit (range 11) 1204 | -10/Mines | Entered Materials 1204 | -9/Materials | Accompanied by 4 allies 1204 | -9/Materials | Evolved 2 slots: Utility x2 1491 | -9/Materials | Build established: Hauler-Mutant 1763 | -9/Materials | Discovered new exit (range 5) 1963 | -9/Materials | Identified exit to Mines 2265 | -9/Materials | Destroyed 8 combat bots 2346 | -9/Materials | Entered Mines 2363 | -9/Mines | Discovered new exit (range 12) 2683 | -9/Mines | Discovered new exit (range 13) 2737 | -9/Mines | Found a hidden stash of uninstalled traps 2778 | -9/Mines | Learned location of Storage (-7) 2793 | -9/Mines | Assembled infested the area 2798 | -9/Mines | Assisted by a Guerilla fighting off Assembled 2822 | -9/Mines | Deemed a non-threat by the Exiles lab entrance 2824 | -9/Mines | Discovered new exit (range 5) 2829 | -9/Mines | Destroyed 20 combat bots 2974 | -9/Mines | Entered Exiles 2992 | -9/Exiles | Discovered new exit (range 15) 3023 | -9/Exiles | Met 8R-AWN 3039 | -9/Exiles | Met EX-HEX 3159 | -9/Exiles | Met EX-DEC 3214 | -9/Exiles | Visited The Gauntlet 3386 | -9/Exiles | Met EX-BIN 3490 | -9/Exiles | Learned location of Zion (-6) 3579 | -9/Exiles | Discovered new exit (range 14) 3687 | -9/Exiles | Aligned with FarCom system 3688 | -9/Exiles | Given EX-Vault access code 3752 | -9/Exiles | Opened EX-Vault 3809 | -9/Exiles | Found PSU Rigger 3813 | -9/Exiles | Found Army-in-a-Box 3818 | -9/Exiles | Found Deploy-a-Sentry 3826 | -9/Exiles | Found Deploy-a-Sentry 3829 | -9/Exiles | Found Deploy-a-Sentry 3863 | -9/Exiles | Warned to stay clear of 0b10 Research branches 3996 | -9/Exiles | Stole three prototypes: Army-in-a-Box, PSU Rigger, Deploy-a-Sentry 3996 | -9/Exiles | Entered Mines 4011 | -8/Mines | Core integrity fell below 50% 4268 | -8/Mines | Discovered new exit (range 6) 4573 | -8/Mines | Entered Materials 4573 | -8/Materials | Evolved 2 slots: Utility x2 4574 | -8/Materials | Loaded intel: 1 garrison access location 5108 | -8/Materials | Identified exit to Garrison 5108 | -8/Materials | Entered Garrison 5179 | -8/Garrison | Triggered checkpoint 5300 | -8/Garrison | Discovered new exit (range 15) 5342 | -8/Garrison | Installed Relay Interface Framework 5468 | -8/Garrison | Triggered checkpoint 5579 | -8/Garrison | Garrison Relay disabled 5807 | -8/Garrison | Entered Materials 6528 | -8/Materials | Discovered new exit (range 13) 6757 | -8/Materials | Garrison activated, responded to threat 6883 | -8/Materials | Identified exit to Garrison 6899 | -8/Materials | Entered Garrison 7181 | -8/Garrison | Triggered checkpoint 7299 | -8/Garrison | Discovered new exit (range 15) 7488 | -8/Garrison | Triggered checkpoint 7565 | -8/Garrison | Discovered new exit (range 10) 7688 | -8/Garrison | Triggered checkpoint 7813 | -8/Garrison | Discovered new exit (range 14) 7872 | -8/Garrison | Expanded RIF knowledge: Program Shield 8553 | -8/Garrison | Entered Factory 8553 | -7/Factory | Evolved 2 slots: Utility x2 8555 | -7/Factory | FarCom data flow suspended 8757 | -7/Factory | Identified exit to Garrison 8759 | -7/Factory | Entered Garrison 8816 | -7/Garrison | Triggered checkpoint 8891 | -7/Garrison | Lost 4 parts (1p1n1u1w) 9081 | -7/Garrison | Lost 5 parts (2n2u1w) 9137 | -7/Garrison | Lost 9 parts (1p2u4w) 9410 | -7/Garrison | Triggered checkpoint 9544 | -7/Garrison | Triggered checkpoint 9609 | -7/Garrison | Lost 7 parts (1p2n3u1w) 9978 | -7/Garrison | Discovered new exit (range 13) 10194 | -7/Garrison | Discovered new exit (range 10) 10227 | -7/Garrison | Expanded RIF knowledge: Threat Obfuscation 10610 | -7/Garrison | Build established: Scavenger-Mutant 10698 | -7/Garrison | Entered Factory 10698 | -6/Factory | Evolved 2 slots: Utility x2 11398 | -6/Factory | Build established: Hauler-Mutant 11407 | -6/Factory | Fabricated Hcp. Storage Unit (x1) 11464 | -6/Factory | Fabricated Hcp. Storage Unit? 11526 | -6/Factory | Fabricated Hcp. Storage Unit? 11701 | -6/Factory | Local fabrication network quarantined 12666 | -6/Factory | Identified exit to Garrison 12666 | -6/Factory | Entered Garrison 12676 | -6/Garrison | Expanded RIF knowledge: Watcher Feeds 12923 | -6/Garrison | Triggered checkpoint 13003 | -6/Garrison | Triggered checkpoint 13036 | -6/Garrison | Lost 3 parts (1n1u1w) 13390 | -6/Garrison | Discovered new exit (range 13) 13628 | -6/Garrison | Triggered checkpoint 13671 | -6/Garrison | Lost 3 parts (1p2w) 13695 | -6/Garrison | Garrison Relay disabled 13972 | -6/Garrison | Triggered checkpoint 14008 | -6/Garrison | Build established: Bothacker-Mutant 14031 | -6/Garrison | Garrison Relay disabled 14146 | -6/Garrison | Identified exit to Factory 14151 | -6/Garrison | Entered Factory 14151 | -5/Factory | Evolved 2 slots: Propulsion x2 14336 | -5/Factory | Build established: Botlord-Mutant 14391 | -5/Factory | Discovered new exit (range 11) 14409 | -5/Factory | Identified exit to Upper Caves 15396 | -5/Factory | Identified exit to Extension 15509 | -5/Factory | Repaired Hcp. Storage Unit 15547 | -5/Factory | Repaired Lrg. Storage Unit 15619 | -5/Factory | Build established: Bothacker-Assassin 15699 | -5/Factory | Entered Extension 15804 | -5/Extension | Rescued a captive Derelict 15805 | -5/Extension | Rescued a captive Derelict 15930 | -5/Extension | Rescued a captive Derelict 15930 | -5/Extension | Rescued a captive Derelict 16009 | -5/Extension | Build established: Bothacker-Mutant 16170 | -5/Extension | Rescued a captive Derelict 16171 | -5/Extension | Rescued a captive Derelict 16173 | -5/Extension | Spotted B-75 Beast 16187 | -5/Extension | Spotted B-75 Beast 16200 | -5/Extension | Destroyed B-75 Beast 16206 | -5/Extension | Allies destroyed B-75 Beast 16546 | -5/Extension | Rescued a captive Derelict 16584 | -5/Extension | Rescued a captive Derelict 16585 | -5/Extension | Rescued a captive Derelict 16605 | -5/Extension | Rescued a captive Derelict 16656 | -5/Extension | Build established: Commander-Mutant 16675 | -5/Extension | Rescued a captive Derelict 16676 | -5/Extension | Rescued a captive Derelict 16702 | -5/Extension | Rescued A7 16753 | -5/Extension | Discovered new exit (range 10) 16754 | -5/Extension | Discovered new exit (range 6) 16806 | -5/Extension | Identified exit to Cetus 16824 | -5/Extension | Entered Cetus 16824 | -5/Cetus | Accompanied by 18 allies (A7) 16829 | -5/Cetus | Acquired a Cetus Manufacturing Module code from A7 16842 | -5/Cetus | Spotted Cetus Guard 16842 | -5/Cetus | Spotted Cetus Guard 16843 | -5/Cetus | Spotted Cetus Guard 16845 | -5/Cetus | Spotted Cetus Guard 16859 | -5/Cetus | Allies destroyed Cetus Guard 16864 | -5/Cetus | Allies destroyed Cetus Guard 16871 | -5/Cetus | Destroyed Cetus Guard 16872 | -5/Cetus | Allies destroyed Cetus Guard 16965 | -5/Cetus | Build established: Bothacker-Mutant 17069 | -5/Cetus | Escorted A7 to Cetus Mainframe 17114 | -5/Cetus | Found a strange terminal 17141 | -5/Cetus | Discovered new exit (range 22) 17193 | -5/Cetus | Identified exit to Archives 17204 | -5/Cetus | Entered Archives 17204 | -5/Archives | Accompanied by 6 allies (A7) 17209 | -5/Archives | Received a hacking code to weaken MAIN.C 17337 | -5/Archives | Discovered new exit (range 21) 17346 | -5/Archives | Unable to access archive contents 17362 | -5/Archives | Discovered new exit (range 22) 17362 | -5/Archives | Discovered new exit (range 18) 17375 | -5/Archives | Unable to access archive contents 17393 | -5/Archives | Unable to access archive contents 17848 | -5/Archives | Build established: Hauler-Mutant 17888 | -5/Archives | Identified exit to Hub_04(d) 17934 | -5/Archives | Entered Hub_04(d) 18099 | -5/Hub_04(d) | Identified exit to Garrison 18150 | -5/Hub_04(d) | Discovered new exit (range 11) 18262 | -5/Hub_04(d) | Identified exit to Factory 18278 | -5/Hub_04(d) | Network Hub disabled 18281 | -5/Hub_04(d) | Network Hub disabled 18283 | -5/Hub_04(d) | Spotted Lightning 18285 | -5/Hub_04(d) | Spotted Lightning 18285 | -5/Hub_04(d) | Spotted Lightning 18287 | -5/Hub_04(d) | Entered Factory 18287 | -4/Factory | Evolved 2 slots: Utility x2 18458 | -4/Factory | Repaired Centrium Medium Armor Plating 18731 | -4/Factory | Identified exit to Garrison 18776 | -4/Factory | Entered Garrison 18824 | -4/Garrison | Triggered checkpoint 18931 | -4/Garrison | Spotted B-86 Titan 18963 | -4/Garrison | Destroyed B-86 Titan 19047 | -4/Garrison | Garrison Relay disabled 19164 | -4/Garrison | Triggered checkpoint 19359 | -4/Garrison | Build established: Bothacker-Mutant 19593 | -4/Garrison | Discovered new exit (range 15) 19742 | -4/Garrison | Discovered new exit (range 8) 19755 | -4/Garrison | Identified exit to Factory 19766 | -4/Garrison | Expanded RIF knowledge: Coupler Efficiency 20154 | -4/Garrison | Triggered checkpoint 20198 | -4/Garrison | Build established: Botlord-Mutant 20211 | -4/Garrison | Garrison Relay disabled 20284 | -4/Garrison | Entered Factory 20284 | -4/Factory | Accompanied by 1 ally 20399 | -4/Factory | Fabricated Hcp. Storage Unit (x1) 20427 | -4/Factory | Fabricated Hcp. Storage Unit (x1) 20458 | -4/Factory | Fabricated Hcp. Storage Unit (x1) 20474 | -4/Factory | Fabricated Arm. Wheel (x2) 20485 | -4/Factory | Local fabrication network quarantined 20489 | -4/Factory | Fabricated Arm. Wheel (x2) 20640 | -4/Factory | Garrison activated, responded to threat 20737 | -4/Factory | Identified exit to Garrison 20737 | -4/Factory | Entered Garrison 20810 | -4/Garrison | Triggered checkpoint 20833 | -4/Garrison | Garrison Relay disabled 21754 | -4/Garrison | Spotted B-86 Titan 21800 | -4/Garrison | Allies destroyed B-86 Titan 21864 | -4/Garrison | Triggered checkpoint 22001 | -4/Garrison | Discovered new exit (range 14) 22239 | -4/Garrison | Discovered new exit (range 10) 22254 | -4/Garrison | Identified exit to Research 22265 | -4/Garrison | Expanded RIF knowledge: Zone Cloak 22620 | -4/Garrison | Found Hvy. Reflective Plating 22711 | -4/Garrison | Entered Research 22711 | -3/Research | Accompanied by 3 allies 22711 | -3/Research | Evolved 2 slots: Utility x2 22796 | -3/Research | Garrison activated, responded to threat 22903 | -3/Research | Lost 4 parts (1n1u2w) 23127 | -3/Research | Identified exit to Armory 23127 | -3/Research | Identified exit to Quarantine 23134 | -3/Research | Found Quantum Capacitor 23136 | -3/Research | Found Quantum Capacitor 24017 | -3/Research | Spotted B-90 Cyclops 24064 | -3/Research | Destroyed B-90 Cyclops 24086 | -3/Research | Lost 3 parts (1n1u1w) 24184 | -3/Research | Entered Quarantine 24184 | -3/Quarantine | Accompanied by 1 ally 24301 | -3/Quarantine | Found Alien Artifact 24313 | -3/Quarantine | Found Alien Artifact 24325 | -3/Quarantine | Found Alien Artifact 24359 | -3/Quarantine | Identified exit to Research 24479 | -3/Quarantine | Found Alien Artifact 24626 | -3/Quarantine | Found Alien Artifact 24698 | -3/Quarantine | Identified Phase Redirector 24698 | -3/Quarantine | Identified Terrabomb (x3) 24698 | -3/Quarantine | Identified Subatomic Replicator 25118 | -3/Quarantine | Found Alien Artifact 25349 | -3/Quarantine | Identified Stasis Generator 25439 | -3/Quarantine | Scanned by Researcher 25533 | -3/Quarantine | Found Alien Impact Weapon 25689 | -3/Quarantine | Found Alien Artifact 25773 | -3/Quarantine | Identified Core Stripper 25812 | -3/Quarantine | Spotted Fortress 25840 | -3/Quarantine | Destroyed Fortress 25867 | -3/Quarantine | Found Prototype Device 25867 | -3/Quarantine | Identified Exp. Force Field 25881 | -3/Quarantine | Found Hvy. Insulated Plating 25892 | -3/Quarantine | Found Prototype Protection 25894 | -3/Quarantine | Identified Centrium Heavy Armor Plating 25911 | -3/Quarantine | Found Prototype Reactor 25914 | -3/Quarantine | Found Prototype Device 25915 | -3/Quarantine | Identified EM Dispersion Field 25924 | -3/Quarantine | Found Prototype Device 25924 | -3/Quarantine | Identified Thermal Barrier 26050 | -3/Quarantine | Discovered new exit (range 5) 26056 | -3/Quarantine | Identified exit to Section 7 26058 | -3/Quarantine | Entered Section 7 26097 | -3/Section 7 | Found Alien Artifact 26127 | -3/Section 7 | Repaired Centrium Heavy Armor Plating 26140 | -3/Section 7 | Build established: Bothacker-Mutant 26161 | -3/Section 7 | Repaired Quantum Capacitor 26251 | -3/Section 7 | Found Prototype Device 26261 | -3/Section 7 | Found Enh. Force Lance 26318 | -3/Section 7 | Identified Vortex Chain Reactor 26349 | -3/Section 7 | Identified Exp. ECM Suite 26457 | -3/Section 7 | Found Alien Artifact 26548 | -3/Section 7 | Identified Integrated Dissipator 26548 | -3/Section 7 | Identified Core Reset Matrix (x2) 26549 | -3/Section 7 | Installed Integrated Dissipator, increased core heat dissipation (+20) 26765 | -3/Section 7 | Repaired Exp. Weapon Shielding 26945 | -3/Section 7 | Garrison activated, responded to threat 27107 | -3/Section 7 | Discovered exit to Research (range 21) 27239 | -3/Section 7 | Spotted S7 Guard 27256 | -3/Section 7 | Destroyed S7 Guard 27298 | -3/Section 7 | Found Alien Artifact 27479 | -3/Section 7 | Spotted S7 Guard 27498 | -3/Section 7 | Destroyed S7 Guard 27525 | -3/Section 7 | Found Alien Artifact 27906 | -3/Section 7 | Core integrity fell below 50% 27927 | -3/Section 7 | Lost 3 parts (1n2u) 28166 | -3/Section 7 | Identified Integrated Singularity Reactor 28166 | -3/Section 7 | Identified Core Membrane 28166 | -3/Section 7 | Installed Core Membrane, gained immunity to corruption 28170 | -3/Section 7 | Used Subatomic Replicator to replicate Integrated Singularity Reactor 28171 | -3/Section 7 | Installed Integrated Singularity Reactor, increased core energy generation (+20) 28174 | -3/Section 7 | Installed Integrated Singularity Reactor, increased core energy generation (+20) 28259 | -3/Section 7 | Spotted Executioner 28285 | -3/Section 7 | Spotted Executioner 28298 | -3/Section 7 | Destroyed Executioner 28311 | -3/Section 7 | Destroyed Executioner 28335 | -3/Section 7 | Build established: Hauler-Mutant 28384 | -3/Section 7 | Found Prototype Processor 28390 | -3/Section 7 | Found Prototype Processor 28397 | -3/Section 7 | Identified Exp. Targeting Computer 28398 | -3/Section 7 | Identified Exp. Core Analyzer 28405 | -3/Section 7 | Found Prototype Device 28405 | -3/Section 7 | Identified Adv. Kinecellerator 28445 | -3/Section 7 | Found Terrabomb 28448 | -3/Section 7 | Found Terrabomb 28451 | -3/Section 7 | Found Terrabomb 28465 | -3/Section 7 | Found Alien Artifact 28469 | -3/Section 7 | Found Alien Artifact 28472 | -3/Section 7 | Found Alien Artifact 28475 | -3/Section 7 | Found Alien Artifact 28514 | -3/Section 7 | Found Alien Artifact 28514 | -3/Section 7 | Identified Matter Drive 28871 | -3/Section 7 | Identified Transdimensional Reconstructor (x3) 28871 | -3/Section 7 | Identified Hpw. Transdimensional Reconstructor 28958 | -3/Section 7 | Entered Research 28958 | -2/Research | Evolved 2 slots: Power x1, Utility x1 29232 | -2/Research | Found Antimissile System 29267 | -2/Research | Fabricated Exp. Terrain Scanner? 29897 | -2/Research | Build established: Hauler-Assassin 29969 | -2/Research | Discovered new exit (range 20) 30059 | -2/Research | Identified exit to Testing 30062 | -2/Research | Entered Testing 30072 | -2/Testing | Identified exit to Access 30091 | -2/Testing | Found Prototype Processor 30251 | -2/Testing | Found Prototype Ballistic Cannon 30427 | -2/Testing | Identified Exp. Target Analyzer 30427 | -2/Testing | Identified Omega Cannon 30579 | -2/Testing | Found Thermal Barrier 30831 | -2/Testing | Found Prototype Hackware 30892 | -2/Testing | Spotted Striker 30894 | -2/Testing | Spotted Striker 30902 | -2/Testing | Destroyed Striker 30905 | -2/Testing | Destroyed Striker 30959 | -2/Testing | Spotted Alpha 7 31107 | -2/Testing | DAS Turret deployed 31112 | -2/Testing | Found Prototype Launcher 31234 | -2/Testing | Identified exit to Garrison 31376 | -2/Testing | Found Prototype Launcher 31532 | -2/Testing | Identified System Mapper 31534 | -2/Testing | Identified Ragnarok Missile Launcher 31792 | -2/Testing | Found Prototype Leg 31857 | -2/Testing | Entered Garrison 32015 | -2/Garrison | Triggered checkpoint 32056 | -2/Garrison | Garrison Relay disabled 32370 | -2/Garrison | Build established: Botlord-Mutant 32773 | -2/Garrison | Spotted B-90 Cyclops 32793 | -2/Garrison | Destroyed B-90 Cyclops 32846 | -2/Garrison | Triggered checkpoint 32925 | -2/Garrison | Discovered exit to Access (range 12) 33002 | -2/Garrison | Triggered checkpoint 33068 | -2/Garrison | Discovered exit to Access (range 28) 33079 | -2/Garrison | Build established: Bothacker-Mutant 33138 | -2/Garrison | Triggered checkpoint 33173 | -2/Garrison | Garrison Relay disabled 33272 | -2/Garrison | Expanded RIF knowledge: Structural Interface 33284 | -2/Garrison | Entered Access 33284 | -1/Access | Evolved 2 slots: Weapon x2 33427 | -1/Access | Found Quantum Capacitor 33649 | -1/Access | Warped through subspace 33685 | -1/Access | DAS Turret deployed 33687 | -1/Access | DAS Turret deployed 33877 | -1/Access | Build established: Botlord-Mutant 34034 | -1/Access | First assault squad dispatched 34301 | -1/Access | Destroyed 8 combat bots 34334 | -1/Access | Spotted B-99 Colossus 34474 | -1/Access | Found Exp. Force Field 34480 | -1/Access | Allies destroyed B-99 Colossus 34485 | -1/Access | Found Exp. Force Field 34570 | -1/Access | Spotted B-99 Colossus 34570 | -1/Access | Spotted B-99 Colossus 34604 | -1/Access | Allies destroyed B-99 Colossus 34607 | -1/Access | Destroyed B-99 Colossus 34691 | -1/Access | Discovered new exit (range 3) 34701 | -1/Access | Identified Myomer Exoskeleton 34708 | -1/Access | Entered Command 34993 | -1/Command | Destroyed 7 combat bots 35132 | -1/Command | Found Fusion Bomb Launcher 35307 | -1/Command | Build established: Hauler-Mutant 35316 | -1/Command | Identified exit to Surface 35996 | -1/Command | Spotted M Guard 36159 | -1/Command | Spotted Combat Programmer 36160 | -1/Command | Spotted Combat Programmer 36161 | -1/Command | Destroyed Combat Programmer 36164 | -1/Command | Destroyed Combat Programmer 36181 | -1/Command | Spotted M Guard 36197 | -1/Command | Destroyed M Guard 36223 | -1/Command | Destroyed M Guard 36223 | -1/Command | All MAIN.C guards destroyed 36233 | -1/Command | Found Prototype Device 36236 | -1/Command | Found Prototype Protection 36237 | -1/Command | Crushed by falling debris 36258 | -1/Command | Identified AEGIS Remote Shield 36267 | -1/Command | Found Prototype Protection 36273 | -1/Command | Identified Hvy. Regenerative Plating (x2) 36295 | -1/Command | Found Prototype Reactor 36295 | -1/Command | Identified Zero-point Reactor 36312 | -1/Command | Found Exp. Targeting Computer 36856 | -1/Command | Spotted Alpha 7 36907 | -1/Command | Spotted Striker 36913 | -1/Command | Destroyed Striker 36915 | -1/Command | Spotted Executioner 36919 | -1/Command | Destroyed Executioner 36930 | -1/Command | Destroyed Alpha 7 36954 | -1/Command | Spotted Executioner 36957 | -1/Command | Spotted Executioner 36969 | -1/Command | Found Prototype Ballistic Gun 36972 | -1/Command | Spotted Striker 36972 | -1/Command | Spotted Executioner 36975 | -1/Command | Spotted Alpha 7 36977 | -1/Command | Spotted B-99 Colossus 36997 | -1/Command | Destroyed Alpha 7 36999 | -1/Command | Destroyed Striker 37005 | -1/Command | Destroyed Executioner 37010 | -1/Command | Destroyed Executioner 37049 | -1/Command | Lost 4 parts (1p1u2w) 37050 | -1/Command | Spotted B-99 Colossus 37057 | -1/Command | Destroyed Executioner 37123 | -1/Command | Destroyed B-99 Colossus 37137 | -1/Command | Destroyed B-99 Colossus 37163 | -1/Command | Identified Multirail 37178 | -1/Command | Found Exp. Targeting Computer 37181 | -1/Command | Found Adv. Kinecellerator 37225 | -1/Command | Found Multirail 37274 | -1/Command | Found Exp. Target Analyzer 37295 | -1/Command | Found Multirail 37327 | -1/Command | Core integrity fell below 50% 37458 | -1/Command | First assault squad dispatched 37595 | -1/Command | Met MAIN.C 37595 | -1/Command | Hacked MAIN.C using A7's code 37609 | -1/Command | 0b10 Conduit disabled 37646 | -1/Command | Destroyed MAIN.C Shell 37648 | -1/Command | MAIN.C activated Command garrisons 37703 | -1/Command | Destroyed MAIN.C 37893 | -1/Command | Build established: Hauler-Gunner 39739 | -1/Command | Build established: Hauler-Mutant 39968 | -1/Command | Spotted B-99 Colossus 40000 | -1/Command | Destroyed B-99 Colossus 40046 | -1/Command | Found Multirail 40061 | -1/Command | Found Multirail 40248 | -1/Command | Found Prototype Protection 40248 | -1/Command | Identified Exp. Powered Armor 40274 | -1/Command | Build established: Hauler-Gunner 42214 | -1/Command | Found Multirail 42775 | -1/Command | Warped through subspace to slip node 42775 | -1/Command | Discovered new exit (range 5) 42783 | -1/Command | Entered Access_0 42784 | -1/Access_0 | Met Architect 42793 | -1/Access_0 | Architect warped through subspace 42823 | -1/Access_0 | Destroyed A8 42855 | -1/Access_0 | Architect warped through subspace 42860 | -1/Access_0 | Found Prototype Protection 42861 | -1/Access_0 | Identified Lgt. Regenerative Plating 42867 | -1/Access_0 | Found Prototype Device 42867 | -1/Access_0 | Identified Exp. Thermal Shield 42908 | -1/Access_0 | Architect warped through subspace 42959 | -1/Access_0 | Architect warped through subspace 42961 | -1/Access_0 | Subspace Access Node disabled 42997 | -1/Access_0 | Found Prototype Device 43014 | -1/Access_0 | Architect warped through subspace 43018 | -1/Access_0 | Identified Exp. Weapon Cycler 43056 | -1/Access_0 | Architect warped through subspace 43068 | -1/Access_0 | Found Prototype Device 43069 | -1/Access_0 | Identified Desublimator 43103 | -1/Access_0 | Architect warped through subspace 43117 | -1/Access_0 | Lost 3 parts (3w) 43120 | -1/Access_0 | Build established: Scavenger-Gunner 43139 | -1/Access_0 | Architect warped through subspace 43148 | -1/Access_0 | A6 warped into view 43167 | -1/Access_0 | Destroyed A6 43172 | -1/Access_0 | Architect warped through subspace 43182 | -1/Access_0 | Found Prototype Processor 43193 | -1/Access_0 | Identified Exp. Melee Analysis Suite 43249 | -1/Access_0 | Architect warped through subspace 43268 | -1/Access_0 | Subspace Access Node disabled 43301 | -1/Access_0 | Core integrity fell below 20% 43305 | -1/Access_0 | Architect warped through subspace 43352 | -1/Access_0 | Architect warped through subspace 43394 | -1/Access_0 | Architect warped through subspace 43451 | -1/Access_0 | Architect warped through subspace 43524 | -1/Access_0 | Architect warped through subspace 43591 | -1/Access_0 | Architect warped through subspace 43628 | -1/Access_0 | A5 warped into view 43647 | -1/Access_0 | Destroyed A5 43660 | -1/Access_0 | Architect warped through subspace 43720 | -1/Access_0 | Found Exp. Powered Armor 43725 | -1/Access_0 | Architect warped through subspace 43785 | -1/Access_0 | Warped through subspace to slip node 43785 | -1/Access_0 | Discovered exit to Surface (range 8) 43794 | *** | Establishing 0b11! Last Messages --------------- 43719_ Discarded Exp. Optical Array. 43719_ Quantum Shear penetrates Wall. 43720_ Acquired Exp. Powered Armor. 43721_ Penetrated by Quantum Shear. 43722_ Slug penetrates Wall. 43722_ Slug penetrates Architect. 43724_ Quantum Shear penetrates Wall. 43724_ Slug penetrates Wall. Architect warps through subspace. 43728_ Acquired Adv. Heavy Treads. 43776_ Slug penetrates Wall. 43778_ Exp. Core Shielding destroyed. 43780_ Slug penetrates Enhanced Grunt. 43784_ AEGIS Remote Shield destroyed. 43784_ Destroyed AEGIS Remote Shield. 43785_ Critical hit. 43785_ Multirail destroyed. 43785_ Warped through subspace, drawn to slip node. 43785_ EXIT=FOUND: SURFACE [Achievement: Victory By Combat] Map ----- +----------------------------------------------------+ | | | | | | | | | | | | | | | | | | | | | | | | | | | | | | | | | ?????????????????????????????????????????????????? | | ?????????????????????????????????????????????????? | | ?????????????????????????????????????????????????? | | ?????????????????????????????????????????????????? | | ?????????????????????????????????????????????????? | | ?????????????????????????????????????????????????? | | ????????????????????????###??????????????????????? | | ???????????????????????## ##?????????????????????? | | ???????????????????????# #?????????????????????? | | ???????????????????????# @ #?????????????????????? | | ??????????????????????## #?????????????????????? | | ??????????????????????# #?????????????????????? | | ??????????????????????# ##?????????????????????? | | ??????????????????????## #?????????????????????? | | ??????????????????????# #?????????????????????? | | ??????????????????????# ##?????????????????????? | | ??????????????????????# < #?????????????????????? | | ??????????????????????# ##?????????????????????? | | ??????????????????????## #??????????????????????? | | ???????????????????????####??????????????????????? | | ?????????????????????????????????????????????????? | | ?????????????????????????????????????????????????? | | ?????????????????????????????????????????????????? | | ?????????????????????????????????????????????????? | | ?????????????????????????????????????????????????? | | ?????????????????????????????????????????????????? | | ?????????????????????????????????????????????????? | | ?????????????????????????????????????????????????? | | ?????????????????????????????????????????????????? | | ?????????????????????????????????????????????????? | | ?????????????????????????????????????????????????? | | ?????????????????????????????????????????????????? | | ?????????????????????????????????????????????????? | | ?????????????????????????????????????????????????? | +----------------------------------------------------+ Best States ------------- Heat Dissipation 210 Coolant Potential 100 Energy Generation 95 Energy Capacity 1550 Matter Stores 300 Matter Capacity 800 Sight Range 23 Robot Scan Range 16 Terrain Scan Range 30 Terrain Scan Density 210 Jamming Range 16 EM Shielding 2 Armor Coverage 2400 Resistance: KI 30 Resistance: TH 50 Resistance: EX 50 Resistance: EM 75 Core Shielding 40 Propulsion Shielding 66 Weapon Shielding 90 Point Defense Rating 240 Weapon Cycling 30 Melee Speed Boost 20 Phase Shifting 15 Evasion (%) 55 Targeting Accuracy 16 Melee Accuracy 6 Target Analysis 12 Core Analysis 15 Armor Integrity Analysis 66 Recoil Reduction 4 Matter Filtering 50 Particle Charging 25 Kinecelleration 50 Offensive Hacking 34 Defensive Hacking 26 Relay Coupler Types 74 Relay Coupler Value 4 Item Schematics ----------------- Hcp. Storage Unit | -10/Materials | Hacked Lrg. Storage Unit | -9/Materials | Scanalyzed Arm. Wheel | -9/Materials | Scanalyzed Imp. Signal Interpreter | -8/Materials | Hacked Humpback | -8/Materials | Scanalyzed Lrn. Tractor Beam | -8/Materials | Scanalyzed Exp. Terrain Scan Processor | -3/Research | Hacked Exp. Terrain Scanner | -3/Research | Hacked Robot Schematics ------------------ None Fabricated ------------ Hcp. Storage Unit | x1 | -6/Factory Hcp. Storage Unit | x1 | -6/Factory Hcp. Storage Unit | x1 | -6/Factory Hcp. Storage Unit | x1 | -4/Factory Hcp. Storage Unit | x1 | -4/Factory Hcp. Storage Unit | x1 | -4/Factory Arm. Wheel | x2 | -4/Factory Arm. Wheel | x2 | -4/Factory Exp. Terrain Scanner | x1 | -2/Research Alien Tech Used ----------------- Core Stripper Phase Redirector Integrated Dissipator Core Membrane Subatomic Replicator Integrated Singularity Reactor Matter Drive Stasis Generator High-powered Transdimensional Reconstructor Transdimensional Reconstructor Achievements -------------- Behind The Curtain Exterminator I Survived The Infestation Main Advantage More Power To You Poison In The Code Release The Drones! Shocking Conclusion Victory By Combat Challenges ------------ None Game ------ Seed CooledReactionRay Manual? 0 Play Time 10:10:42 Cumulative 146.4 hours Start 2021.01.09 @ 10:48:46 End 2021.01.12 @ 15:52:48 Sessions 8 Manual Loads 0 Difficulty Rogue Special Mode None Game No. 33 Rogue 33 Adventurer 0 Explorer 0 Win Type 1 Total 11 Types 6/2/1/1/1/0/0/0/0 Lore% 46 Gallery% 73 Achievement% 60 Wizard Run 0 Options --------- ASCII 0 Keyboard 0 Movement Numpad Keybinds 0 Fullscreen 1 Font 18/TerminusBold Map View 76x50 Tactical HUD 1 Map Filters NONE Filters NONE Steam 1 RUN: 7ad7f241-486c-431e-a4e9-c43cf1eb7fd8